Workbook

Sheet Resumo
A1: MODELO DE PROPOSTA DE PREÇO - Pregão Eletrônico nº /2026
A3: Nº Processo:
A4: Razão Social:
A5: Nome de Fantasia:
A6: Endereço:
A7: Telefone:
A8: E-mail:
A9: Objeto: Contratação de serviços especializados, contínuos e sob demanda, com dedicação exclusiva de mão de obra de Tecnologia de Informação–TI, para manutenção e desenvolvimento de soluções de TI com Práticas Ágeis, conforme demandas da CAPES.
A11: Grupo | B11: Item | C11: Perfil do Posto de Trabalho | D11: Qtd (Postos) | E11: Turno/Carga Horária | F11: Valor Remuneração do Posto | G11: Valor Mensal do Posto (R$) | H11: Fator-k do Posto | I11: Valor anual do posto | J11: Valor total (valor anual do posto x Qtd Postos) (R$)
A12: 1 | B12: 1 | C12: ='Desenvolvedor Sênior'!A15 -> Desenvolvedor de Software Sênior | D12: ='Desenvolvedor Sênior'!C15 -> 46 | E12: Diurno (8h) | F12: ='Desenvolvedor Sênior'!C32 -> 15750 | G12: =ROUND('Desenvolvedor Sênior'!C150,2) -> 32084.67 | H12: =ROUND(G12/F12,2) -> 2.04 | I12: =ROUND(G12*12,2) -> 385016.04 | J12: =ROUND(I12*D12,2) -> 17710738
B13: 2 | C13: ='Desenvolvedor Pleno'!A15 -> Desenvolvedor de Software Pleno | D13: ='Desenvolvedor Pleno'!C15 -> 23 | E13: Diurno (8h) | F13: ='Desenvolvedor Pleno'!C32 -> 10713.73 | G13: =ROUND('Desenvolvedor Pleno'!C150,2) -> 22291.92 | H13: =ROUND(G13/F13,2) -> 2.08 | I13: =ROUND(G13*12,2) -> 267503.04 | J13: =ROUND(I13*D13,2) -> 6152569.9
B14: 3 | C14: ='Desenvolvedor Júnior'!A15 -> Desenvolvedor de Software Júnior | D14: ='Desenvolvedor Júnior'!C15 -> 4 | E14: Diurno (8h) | F14: ='Desenvolvedor Júnior'!C32 -> 6500 | G14: =ROUND('Desenvolvedor Júnior'!C150,2) -> 14178.59 | H14: =ROUND(G14/F14,2) -> 2.18 | I14: =ROUND(G14*12,2) -> 170143.08 | J14: =ROUND(I14*D14,2) -> 680572.32
B15: 4 | C15: ='Desenvolvedor Mobile Sênior'!A15 -> Desenvolvedor de Software Mobile - Sênior | D15: ='Desenvolvedor Mobile Sênior'!C15 -> 2 | E15: Diurno (8h) | F15: ='Desenvolvedor Mobile Sênior'!C32 -> 15750 | G15: =ROUND('Desenvolvedor Mobile Sênior'!C150,2) -> 32084.67 | H15: =ROUND(G15/F15,2) -> 2.04 | I15: =ROUND(G15*12,2) -> 385016.04 | J15: =ROUND(I15*D15,2) -> 770032.08
B16: 5 | C16: ='Desenvolvedor Mobile Pleno '!A15 -> Desenvolvedor de Software Mobile - Pleno | D16: ='Desenvolvedor Mobile Pleno '!C15 -> 2 | E16: Diurno (8h) | F16: ='Desenvolvedor Mobile Pleno '!C32 -> 10713.73 | G16: =ROUND('Desenvolvedor Mobile Pleno '!C150,2) -> 22291.92 | H16: =ROUND(G16/F16,2) -> 2.08 | I16: =ROUND(G16*12,2) -> 267503.04 | J16: =ROUND(I16*D16,2) -> 535006.08
B17: 6 | C17: ='Líder Técnico '!A15 -> Líder Técnico de Desenvolvimento | D17: ='Líder Técnico '!C15 -> 8 | E17: Diurno (8h) | F17: ='Líder Técnico '!C32 -> 16966.67 | G17: =ROUND('Líder Técnico '!C150,2) -> 34450.42 | H17: =ROUND(G17/F17,2) -> 2.03 | I17: =ROUND(G17*12,2) -> 413405.04 | J17: =ROUND(I17*D17,2) -> 3307240.3
B18: 7 | C18: ='Engenheiro de IA'!A15 -> Engenheiro de IA – Sênior | D18: ='Engenheiro de IA'!C15 -> 3 | E18: Diurno (8h) | F18: ='Engenheiro de IA'!C32 -> 16500 | G18: =ROUND('Engenheiro de IA'!C150,2) -> 33543 | H18: =ROUND(G18/F18,2) -> 2.03 | I18: =ROUND(G18*12,2) -> 402516 | J18: =ROUND(I18*D18,2) -> 1207548
B19: 8 | C19: ='Analista UX-UI '!A15 -> Analista de UX/UI Sênior | D19: ='Analista UX-UI '!C15 -> 4 | E19: Diurno (8h) | F19: ='Analista UX-UI '!C32 -> 12516.67 | G19: =ROUND('Analista UX-UI '!C150,2) -> 25797.64 | H19: =ROUND(G19/F19,2) -> 2.06 | I19: =ROUND(G19*12,2) -> 309571.68 | J19: =ROUND(I19*D19,2) -> 1238286.7
B20: 9 | C20: ='Analista de Testes '!A15 -> Analista de Testes Sênior | D20: ='Analista de Testes '!C15 -> 4 | E20: Diurno (8h) | F20: ='Analista de Testes '!C32 -> 11081.16 | G20: =ROUND('Analista de Testes '!C150,2) -> 23006.37 | H20: =ROUND(G20/F20,2) -> 2.08 | I20: =ROUND(G20*12,2) -> 276076.44 | J20: =ROUND(I20*D20,2) -> 1104305.8
G21: TOTAL | J21: =SUM(J12:J20) -> 32706299
A23: Critério de julgamento da licitação é menor preço por grupo. Esta Proposta/Planilha refere-se ao Grupo 1.
A24: Valor Total do item em algarismos e por extenso:
A25: Prazo de validade da Proposta:
A26: Esta empresa DECLARA estar ciente de que a apresentação da presente proposta implica na plena aceitação das condições estabelecidas no Edital do Pregão Eletrônico nº /2026 e seus Anexos.

Sheet Desenvolvedor Sênior
A1: Profissional tipo 5
A2: PLANILHA DE CUSTOS E FORMAÇÃO DE PREÇO DE MÃO DE OBRA
A3: Número do Processo:
A4: Número da Licitação:
A5: Dia: às horas
A7: DISCRIMINAÇÃO
A8: B | B8: Município/UF
A9: C | B9: Ano Acordo, Conveção ou Sentença Normativa em Dissídio Coletivo | C9: Brasília/DF
A10: D | B10: Nome da Entidade Sindical | C10: DF000717/2025_CCT/2025/2026
A11: E | B11: Número de meses da execução contratual | C11: 12
A12: F | B12: Data-Base da Categoria (dia/mês/ano) | C12: 46143
A13: IDENTIFICAÇÃO DO SERVIÇO
A14: Tipo de Serviço | B14: Unidade de Medida | C14: Quantidade total a contratar (em função da unidade de medida)
A15: Desenvolvedor de Software Sênior | B15: Posto de trabalho | C15: 46
A18: 1. MÓDULOS
A19: Mão de obra
A20: Mão de obra vinculada à execução contratual
A21: Dados para composição dos custos referente a mão de obra
A22: 1 | B22: Tipo de serviço (mesmo serviço com características distintas) | C22: Desenvolvedor de Software Sênior
A23: 2 | B23: Classificação Brasileira de Ocupação(CBO) | C23: CBO 2124-25, 2123-20, 2124-05, 2624-10 1425-15 ou similar.
A24: 3 | B24: Salário | C24: 1728.89
A25: 4 | B25: Categoria Profissional (vinculada a execução contratual) | C25: Desenvolvedor de Software Sênior
A26: 5 | B26: Data-Base da Categoria (dia/mês/ano) | C26: 46143
A27: Nota (1) - Deverá ser elaborado um quadro para cada tipo de serviço.
A28: Nota (2)- A planilha será calculada considerando o valor mensal do empregado.
A30: Módulo 1 - Composição da Remuneração
A31: 1 | B31: Composição da Remuneração | C31: Valor (R$)
A32: A | B32: Salário Base | C32: 15750
A33: B | B33: Adicional de Periculosidade | C33: -
A34: C | B34: Adicional de Insalubridade | C34: -
A35: D | B35: Adicional Noturno | C35: -
A36: E | B36: Adicional de Hora Noturna Reduzida | C36: -
A37: F | B37: Outros (especificar) | C37: -
A38: Total | C38: =SUM(C32:C37) -> 15750
A39: Nota 1: O Módulo 1 refere-se ao valor mensal devido ao empregado pela prestação do serviço no período de 12 meses.
A41: Módulo 2 - Encargos e Benefícios Anuais, Mensais e Diários
A42: Submódulo 2.1 - 13º(décimo terceiro) Salário, Férias e Adicional de Férias
A43: 2.1 | B43: 13º(décimo terceiro) Salário, Férias e Adicional de Férias | C43: % | D43: VALOR (R$)
A44: A | B44: 13º(décimo terceiro) Salário | C44: 0.0833 | D44: =C44*C38 -> 1311.975
A45: B | B45: Férias e Adicional de Férias | C45: 0.121 | D45: =C45*C38 -> 1905.75
A46: Total | C46: =SUM(C44:C45) -> 0.2043 | D46: =SUM(D44:D45) -> 3217.725
A47: Nota 1: Como a planilha de custos e formação de preços é calculada mensalmente, provisiona-se proporcionalmente 1/12 (um doze avos) dos valores referentes a gratificação natalina, férias e adicional de férias.
A48: Nota 2: O adicional de férias contido no Submódulo 2.1 corresponde a 1/3 (um terço) da remuneração que por sua vez é divido por 12 (doze) conforme Nota 1 acima.
A49: Nota 3. Levando em consideração a vigência contratual prevista na Lei nº 14.133/2021, a rubrica férias tem como objetivo principal suprir a necessidade do pagamento das férias remuneradas ao final do contrato de 12 meses. Esta rubrica, quando da prorrogação contratual, torna-se custo não renovável.
A51: Submódulo 2.2 - Encargos Previdenciários (GPS), Fundo de Garantia por Tempo de Serviço(FGTS) e outras contribuições
A52: 2.2 | B52: GPS, FGTS e outras contribuições | C52: % | D52: VALOR (R$)
A53: A | B53: INSS (% não incide sobre o 13º para empresas reoneradas.) | C53: 0.1 | D53: =(C38+D45)*C53 -> 1765.575
A54: B | B54: Salário Educação | C54: 0.025 | D54: =(C38+D46)*C54 -> 474.19313
A55: C | B55: SAT (se apresentada a comprovação de risco) | C55: 0.01 | D55: =(C38+D46)*C55 -> 189.67725
A56: D | B56: SESC OU SESI | C56: 0.015 | D56: =(C38+D46)*C56 -> 284.51587
A57: E | B57: SENAI - SENAC | C57: 0.01 | D57: =(C38+D46)*C57 -> 189.67725
A58: F | B58: SEBRAE | C58: 0.006 | D58: =(C38+D46)*C58 -> 113.80635
A59: G | B59: INCRA | C59: 0.002 | D59: =(C38+D46)*C59 -> 37.93545
A60: H | B60: FGTS | C60: 0.08 | D60: =(C38+D46)*C60 -> 1517.418
A61: Total | C61: =SUM(C53:C60) -> 0.248 | D61: =SUM(D53:D60) -> 4572.7983
A62: Nota 1: Os percentuais dos encargos previdenciários, do FGTS e demais contribuições são aqueles estabelecidos pela legislação vigente.
A63: Nota 2: O SAT a depender do grau de risco do serviço irá variar entre 1%, para risco leve, de 2%, para risco médio, e de 3% de risco grave.
A64: Nota 3: Esses percentuais incidem sobre o Módulo 1, o Submódulo 2.1.
A66: Submódulo 2.3 Benefícios Mensais e Diários
A67: 2.3 | B67: Benefícios Mensais e Diários | C67: Referência | D67: VALOR (R$) | E67: VALOR (R$) | F67: VALOR (R$)
A68: A | B68: Transporte - desconto de 6% sobre sálario Base | F68: 0
A69: B | B69: Auxílio Refeição/Alimentação (CCT 2025/2026) | C69: QTD DIAS | D69: VALOR (R$) | E69: PAT (desconto) 15%
C70: 22 | D70: 39 | E70: =D70*0.15 -> 5.85 | F70: =(D70*22)-(22*E70) -> 729.3
A71: C | B71: Auxílio Funeral (CCT 2025/2026) | F71: 4.22 | H71: 3 salários mínimos = | J71: 1621x3 | K71: dividido por 12
A72: D | B72: Assistência Médica e Familiar (CCT 2025/2026) | F72: 184.85 | K72: 12 | L72: 405.25
A73: E | B73: Reembolso Creche (Instrução Normativa SEGES/MGI nº 147, de 13 de abril de 2026/Decreto nº 12.174, de 11 de setembro de 2024) | F73: 105.33
A74: F | B74: Outros (especificar) | J74: dividido por 96 = | L74: 4.22
A75: Total | F75: =SUM(F68:F74) -> 1023.7
A76: Nota 1: O valor informado deverá ser o custo real do benefício (descontado o valor eventualmente pago pelo empregado).
A77: Nota 2: Observar a previsão dos benefícios contidos em Acordos, Convenções e Dissídios Coletivos de Trabalho e atentar-se ao disposto no art. 6º desta Instrução Normativa.
A79: Quadro Resumo do Módulo 2 - Encargos e Benefícios anuais, mensais e diários
A80: 2 | B80: Encargos e Benefícios anuais, mensais e diários | C80: Valor (R$) | D80: Valor (R$)
A81: 2.1 | B81: 13º(décimo terceiro) Salário, Férias | C81: =C46 -> 0.2043 | D81: =D46 -> 3217.725
A82: 2.2 | B82: GPS, FGTS e outras contribuições | C82: =C61 -> 0.248 | D82: =D61 -> 4572.7983
A83: 2.3 | B83: Benefícios Mensais e Diários | D83: =F75 -> 1023.7
A84: Total | C84: =SUM(C81:C82) -> 0.4523 | D84: =SUM(D81:D83) -> 8814.2233
A86: Módulo 3 - Provisão para Rescisão
A87: 3 | B87: Provisão para Rescisão | C87: % | D87: %
A88: A | B88: Aviso Prévio Indenizado Se 5% dos empregados são substituídos durante o ano. {[0,05 x (1/12)] x 100 = 0,417% , aproxim. 0,43%. | C88: 0.0043 | D88: =C38*C88 -> 67.725
A89: B | B89: Incidência do FGTS sobre o Aviso Prévio Indenizado | C89: =C60*C88 -> 0.000344 | D89: =C38*C89 -> 5.418
A90: D | B90: Aviso Prévio Trabalhado | C90: 0.0194 | D90: =C38*C90 -> 305.55
A91: E | B91: Incidência de GPS, FGTS e outras contribuições sobre o Aviso Prévio Trabalhado | C91: =C61*C90 -> 0.0048112 | D91: =C38*C91 -> 75.7764
A92: E | B92: Multa do FGTS sobre o Aviso Prévio Trabalhado E Aviso Prévio Indenizado | C92: 0.04 | D92: =C38*C92 -> 630
A93: Total | C93: =SUM(C88:C92) -> 0.0688552 | D93: =SUM(D88:D92) -> 1084.4694
A94: Nota 1: A parcela mensal a título de aviso prévio trabalhado será no percentual máximo de 1,94% no primeiro ano, e, em caso de prorrogação do contrato, o percentual máximo dessa parcela será de 0,194% a cada ano de prorrogação, a ser incluído por ocasião da formulação do aditivo da prorrogação do contrato, conforme a Lei 12.506/2011" (Enunciado do Boletim de Jurisprudência nº 176/2017.)
A95: Módulo 4 - Custo de Reposição do Profissional Ausente
A96: Nota 1: Os itens que contemplam o módulo 4 se referem ao custo dos dias trabalhados pelo repositor/substituto, quando o empregado alocado na prestação de serviço estiver ausente, conforme as previsões estabelecidas na legislação.
A98: Submódulo 4.1 - Ausências Legais
A99: 4.1 | B99: Ausências Legais | C99: % | D99: Valor (R$)
A100: A | B100: Substituto na Cobertura de férias (ZERAR essa rubrica, pois o valor foi pago no (Módulo 1) e na (letra B do submódulo 2.1). | C100: 0 | D100: 0
A101: B | B101: Substituto na Cobertura de Ausências Legais | C101: 0 | D101: 0
A102: C | B102: Substituto na Cobertura de Licença - Paternidade | C102: 0 | D102: 0
A103: D | B103: Substituto na Cobertura de Ausência por acidente de trabalho | C103: 0 | D103: 0
A104: E | B104: Substituto na cobertura de Afastamento Maternidade | C104: 0 | D104: 0
A105: F | B105: Substituto na Cobertura de Outras Ausências (especificar) | C105: 0 | D105: 0
A106: Total | C106: 0 | D106: 0
A108: Submódulo 4.2 - Substituto na Intrajornada
A109: 4.2 | B109: Substituto na Intrajornada | C109: % | D109: Valor (R$)
A110: A | B110: Substituto na cobertura de Intervalo para repouso ou alimentação | C110: 0 | D110: 0
A111: Total | C111: 0 | D111: 0
...

Sheet Desenvolvedor Pleno
A1: Profissional tipo 5
A2: PLANILHA DE CUSTOS E FORMAÇÃO DE PREÇO DE MÃO DE OBRA
A3: Número do Processo:
A4: Número da Licitação:
A5: Dia: às horas
A7: DISCRIMINAÇÃO
A8: B | B8: Município/UF
A9: C | B9: Ano Acordo, Conveção ou Sentença Normativa em Dissídio Coletivo | C9: Brasília/DF
A10: D | B10: Nome da Entidade Sindical | C10: DF000717/2025_CCT/2025/2026
A11: E | B11: Número de meses da execução contratual | C11: 12
A12: F | B12: Data-Base da Categoria (dia/mês/ano) | C12: 46143
A13: IDENTIFICAÇÃO DO SERVIÇO
A14: Tipo de Serviço | B14: Unidade de Medida | C14: Quantidade total a contratar (em função da unidade de medida)
A15: Desenvolvedor de Software Pleno | B15: Posto de trabalho | C15: 23
A18: 1. MÓDULOS
A19: Mão de obra
A20: Mão de obra vinculada à execução contratual
A21: Dados para composição dos custos referente a mão de obra
A22: 1 | B22: Tipo de serviço (mesmo serviço com características distintas) | C22: Desenvolvedor de Software Pleno
A23: 2 | B23: Classificação Brasileira de Ocupação(CBO) | C23: CBO 2124-25, 2123-20, 2124-05, 2624-10 1425-15 ou similar.
A24: 3 | B24: Salário | C24: 1728.89
A25: 4 | B25: Categoria Profissional (vinculada a execução contratual) | C25: Desenvolvedor de Software Pleno
A26: 5 | B26: Data-Base da Categoria (dia/mês/ano) | C26: 46143
A27: Nota (1) - Deverá ser elaborado um quadro para cada tipo de serviço.
A28: Nota (2)- A planilha será calculada considerando o valor mensal do empregado.
A30: Módulo 1 - Composição da Remuneração
A31: 1 | B31: Composição da Remuneração | C31: Valor (R$)
A32: A | B32: Salário Base | C32: 10713.73
A33: B | B33: Adicional de Periculosidade | C33: -
A34: C | B34: Adicional de Insalubridade | C34: -
A35: D | B35: Adicional Noturno | C35: -
A36: E | B36: Adicional de Hora Noturna Reduzida | C36: -
A37: F | B37: Outros (especificar) | C37: -
A38: Total | C38: =SUM(C32:C37) -> 10713.73
A39: Nota 1: O Módulo 1 refere-se ao valor mensal devido ao empregado pela prestação do serviço no período de 12 meses.
A41: Módulo 2 - Encargos e Benefícios Anuais, Mensais e Diários
A42: Submódulo 2.1 - 13º(décimo terceiro) Salário, Férias e Adicional de Férias
A43: 2.1 | B43: 13º(décimo terceiro) Salário, Férias e Adicional de Férias | C43: % | D43: VALOR (R$)
A44: A | B44: 13º(décimo terceiro) Salário | C44: 0.0833 | D44: =C44*C38 -> 892.45371
A45: B | B45: Férias e Adicional de Férias | C45: 0.121 | D45: =C45*C38 -> 1296.3613
A46: Total | C46: =SUM(C44:C45) -> 0.2043 | D46: =SUM(D44:D45) -> 2188.815
A47: Nota 1: Como a planilha de custos e formação de preços é calculada mensalmente, provisiona-se proporcionalmente 1/12 (um doze avos) dos valores referentes a gratificação natalina, férias e adicional de férias.
A48: Nota 2: O adicional de férias contido no Submódulo 2.1 corresponde a 1/3 (um terço) da remuneração que por sua vez é divido por 12 (doze) conforme Nota 1 acima.
A49: Nota 3. Levando em consideração a vigência contratual prevista na Lei nº 14.133/2021, a rubrica férias tem como objetivo principal suprir a necessidade do pagamento das férias remuneradas ao final do contrato de 12 meses. Esta rubrica, quando da prorrogação contratual, torna-se custo não renovável.
A51: Submódulo 2.2 - Encargos Previdenciários (GPS), Fundo de Garantia por Tempo de Serviço(FGTS) e outras contribuições
A52: 2.2 | B52: GPS, FGTS e outras contribuições | C52: % | D52: VALOR (R$)
A53: A | B53: INSS (% não incide sobre o 13º para empresas reoneradas.) | C53: 0.1 | D53: =(C38+D45)*C53 -> 1201.0091
A54: B | B54: Salário Educação | C54: 0.025 | D54: =(C38+D46)*C54 -> 322.56363
A55: C | B55: SAT (se apresentada a comprovação de risco) | C55: 0.01 | D55: =(C38+D46)*C55 -> 129.02545
A56: D | B56: SESC OU SESI | C56: 0.015 | D56: =(C38+D46)*C56 -> 193.53818
A57: E | B57: SENAI - SENAC | C57: 0.01 | D57: =(C38+D46)*C57 -> 129.02545
A58: F | B58: SEBRAE | C58: 0.006 | D58: =(C38+D46)*C58 -> 77.41527
A59: G | B59: INCRA | C59: 0.002 | D59: =(C38+D46)*C59 -> 25.80509
A60: H | B60: FGTS | C60: 0.08 | D60: =(C38+D46)*C60 -> 1032.2036
A61: Total | C61: =SUM(C53:C60) -> 0.248 | D61: =SUM(D53:D60) -> 3110.5858
A62: Nota 1: Os percentuais dos encargos previdenciários, do FGTS e demais contribuições são aqueles estabelecidos pela legislação vigente.
A63: Nota 2: O SAT a depender do grau de risco do serviço irá variar entre 1%, para risco leve, de 2%, para risco médio, e de 3% de risco grave.
A64: Nota 3: Esses percentuais incidem sobre o Módulo 1, o Submódulo 2.1.
A66: Submódulo 2.3 Benefícios Mensais e Diários
A67: 2.3 | B67: Benefícios Mensais e Diários | C67: Referência | D67: VALOR (R$) | E67: VALOR (R$) | F67: VALOR (R$)
A68: A | B68: Transporte - desconto de 6% sobre sálario Base | F68: 0
A69: B | B69: Auxílio Refeição/Alimentação (CCT 2025/2026) | C69: QTD DIAS | D69: VALOR (R$) | E69: PAT (desconto) 15%
C70: 22 | D70: 39 | E70: =D70*0.15 -> 5.85 | F70: =(D70*22)-(22*E70) -> 729.3
A71: C | B71: Auxílio Funeral (CCT 2025/2026) | F71: 4.22 | H71: 3 salários mínimos = | J71: 1621x3 | K71: dividido por 12
A72: D | B72: Assistência Médica e Familiar (CCT 2025/2026) | F72: 184.85 | K72: 12 | L72: 405.25
A73: E | B73: Reembolso Creche (Instrução Normativa SEGES/MGI nº 147, de 13 de abril de 2026/Decreto nº 12.174, de 11 de setembro de 2024) | F73: 105.33
A74: F | B74: Outros (especificar) | J74: dividido por 96 = | L74: 4.22
A75: Total | F75: =SUM(F68:F74) -> 1023.7
A76: Nota 1: O valor informado deverá ser o custo real do benefício (descontado o valor eventualmente pago pelo empregado).
A77: Nota 2: Observar a previsão dos benefícios contidos em Acordos, Convenções e Dissídios Coletivos de Trabalho e atentar-se ao disposto no art. 6º desta Instrução Normativa.
A79: Quadro Resumo do Módulo 2 - Encargos e Benefícios anuais, mensais e diários
A80: 2 | B80: Encargos e Benefícios anuais, mensais e diários | C80: Valor (R$) | D80: Valor (R$)
A81: 2.1 | B81: 13º(décimo terceiro) Salário, Férias | C81: =C46 -> 0.2043 | D81: =D46 -> 2188.815
A82: 2.2 | B82: GPS, FGTS e outras contribuições | C82: =C61 -> 0.248 | D82: =D61 -> 3110.5858
A83: 2.3 | B83: Benefícios Mensais e Diários | D83: =F75 -> 1023.7
A84: Total | C84: =SUM(C81:C82) -> 0.4523 | D84: =SUM(D81:D83) -> 6323.1008
A86: Módulo 3 - Provisão para Rescisão
A87: 3 | B87: Provisão para Rescisão | C87: % | D87: %
A88: A | B88: Aviso Prévio Indenizado Se 5% dos empregados são substituídos durante o ano. {[0,05 x (1/12)] x 100 = 0,417% , aproxim. 0,43%. | C88: 0.0043 | D88: =C38*C88 -> 46.069039
A89: B | B89: Incidência do FGTS sobre o Aviso Prévio Indenizado | C89: =C60*C88 -> 0.000344 | D89: =C38*C89 -> 3.6855231
A90: D | B90: Aviso Prévio Trabalhado | C90: 0.0194 | D90: =C38*C90 -> 207.84636
A91: E | B91: Incidência de GPS, FGTS e outras contribuições sobre o Aviso Prévio Trabalhado | C91: =C61*C90 -> 0.0048112 | D91: =C38*C91 -> 51.545898
A92: E | B92: Multa do FGTS sobre o Aviso Prévio Trabalhado E Aviso Prévio Indenizado | C92: 0.04 | D92: =C38*C92 -> 428.5492
A93: Total | C93: =SUM(C88:C92) -> 0.0688552 | D93: =SUM(D88:D92) -> 737.69602
A94: Nota 1: A parcela mensal a título de aviso prévio trabalhado será no percentual máximo de 1,94% no primeiro ano, e, em caso de prorrogação do contrato, o percentual máximo dessa parcela será de 0,194% a cada ano de prorrogação, a ser incluído por ocasião da formulação do aditivo da prorrogação do contrato, conforme a Lei 12.506/2011" (Enunciado do Boletim de Jurisprudência nº 176/2017.)
A95: Módulo 4 - Custo de Reposição do Profissional Ausente
A96: Nota 1: Os itens que contemplam o módulo 4 se referem ao custo dos dias trabalhados pelo repositor/substituto, quando o empregado alocado na prestação de serviço estiver ausente, conforme as previsões estabelecidas na legislação.
A98: Submódulo 4.1 - Ausências Legais
A99: 4.1 | B99: Ausências Legais | C99: % | D99: Valor (R$)
A100: A | B100: Substituto na Cobertura de férias (ZERAR essa rubrica, pois o valor foi pago no (Módulo 1) e na (letra B do submódulo 2.1). | C100: 0 | D100: 0
A101: B | B101: Substituto na Cobertura de Ausências Legais | C101: 0 | D101: 0
A102: C | B102: Substituto na Cobertura de Licença - Paternidade | C102: 0 | D102: 0
A103: D | B103: Substituto na Cobertura de Ausência por acidente de trabalho | C103: 0 | D103: 0
A104: E | B104: Substituto na cobertura de Afastamento Maternidade | C104: 0 | D104: 0
A105: F | B105: Substituto na Cobertura de Outras Ausências (especificar) | C105: 0 | D105: 0
A106: Total | C106: 0 | D106: 0
A108: Submódulo 4.2 - Substituto na Intrajornada
A109: 4.2 | B109: Substituto na Intrajornada | C109: % | D109: Valor (R$)
A110: A | B110: Substituto na cobertura de Intervalo para repouso ou alimentação | C110: 0 | D110: 0
A111: Total | C111: 0 | D111: 0
...

Sheet Desenvolvedor Júnior
A1: Profissional tipo 5
A2: PLANILHA DE CUSTOS E FORMAÇÃO DE PREÇO DE MÃO DE OBRA
A3: Número do Processo:
A4: Número da Licitação:
A5: Dia: às horas
A7: DISCRIMINAÇÃO
A8: B | B8: Município/UF
A9: C | B9: Ano Acordo, Conveção ou Sentença Normativa em Dissídio Coletivo | C9: Brasília/DF
A10: D | B10: Nome da Entidade Sindical | C10: DF000717/2025_CCT/2025/2026
A11: E | B11: Número de meses da execução contratual | C11: 12
A12: F | B12: Data-Base da Categoria (dia/mês/ano) | C12: 46143
A13: IDENTIFICAÇÃO DO SERVIÇO
A14: Tipo de Serviço | B14: Unidade de Medida | C14: Quantidade total a contratar (em função da unidade de medida)
A15: Desenvolvedor de Software Júnior | B15: Posto de trabalho | C15: 4
A18: 1. MÓDULOS
A19: Mão de obra
A20: Mão de obra vinculada à execução contratual
A21: Dados para composição dos custos referente a mão de obra
A22: 1 | B22: Tipo de serviço (mesmo serviço com características distintas) | C22: Desenvolvedor de Software Júnior
A23: 2 | B23: Classificação Brasileira de Ocupação(CBO) | C23: CBO 2124-25, 2123-20, 2124-05, 2624-10 1425-15 ou similar.
A24: 3 | B24: Salário | C24: 1728.89
A25: 4 | B25: Categoria Profissional (vinculada a execução contratual) | C25: Desenvolvedor de Software Júnior
A26: 5 | B26: Data-Base da Categoria (dia/mês/ano) | C26: 46143
A27: Nota (1) - Deverá ser elaborado um quadro para cada tipo de serviço.
A28: Nota (2)- A planilha será calculada considerando o valor mensal do empregado.
A30: Módulo 1 - Composição da Remuneração
A31: 1 | B31: Composição da Remuneração | C31: Valor (R$)
A32: A | B32: Salário Base | C32: 6500
A33: B | B33: Adicional de Periculosidade | C33: -
A34: C | B34: Adicional de Insalubridade | C34: -
A35: D | B35: Adicional Noturno | C35: -
A36: E | B36: Adicional de Hora Noturna Reduzida | C36: -
A37: F | B37: Outros (especificar) | C37: -
A38: Total | C38: =SUM(C32:C37) -> 6500
A39: Nota 1: O Módulo 1 refere-se ao valor mensal devido ao empregado pela prestação do serviço no período de 12 meses.
A41: Módulo 2 - Encargos e Benefícios Anuais, Mensais e Diários
A42: Submódulo 2.1 - 13º(décimo terceiro) Salário, Férias e Adicional de Férias
A43: 2.1 | B43: 13º(décimo terceiro) Salário, Férias e Adicional de Férias | C43: % | D43: VALOR (R$)
A44: A | B44: 13º(décimo terceiro) Salário | C44: 0.0833 | D44: =C44*C38 -> 541.45
A45: B | B45: Férias e Adicional de Férias | C45: 0.121 | D45: =C45*C38 -> 786.5
A46: Total | C46: =SUM(C44:C45) -> 0.2043 | D46: =SUM(D44:D45) -> 1327.95
A47: Nota 1: Como a planilha de custos e formação de preços é calculada mensalmente, provisiona-se proporcionalmente 1/12 (um doze avos) dos valores referentes a gratificação natalina, férias e adicional de férias.
A48: Nota 2: O adicional de férias contido no Submódulo 2.1 corresponde a 1/3 (um terço) da remuneração que por sua vez é divido por 12 (doze) conforme Nota 1 acima.
A49: Nota 3. Levando em consideração a vigência contratual prevista na Lei nº 14.133/2021, a rubrica férias tem como objetivo principal suprir a necessidade do pagamento das férias remuneradas ao final do contrato de 12 meses. Esta rubrica, quando da prorrogação contratual, torna-se custo não renovável.
A51: Submódulo 2.2 - Encargos Previdenciários (GPS), Fundo de Garantia por Tempo de Serviço(FGTS) e outras contribuições
A52: 2.2 | B52: GPS, FGTS e outras contribuições | C52: % | D52: VALOR (R$)
A53: A | B53: INSS (% não incide sobre o 13º para empresas reoneradas.) | C53: 0.1 | D53: =(C38+D45)*C53 -> 728.65
A54: B | B54: Salário Educação | C54: 0.025 | D54: =(C38+D46)*C54 -> 195.69875
A55: C | B55: SAT (se apresentada a comprovação de risco) | C55: 0.01 | D55: =(C38+D46)*C55 -> 78.2795
A56: D | B56: SESC OU SESI | C56: 0.015 | D56: =(C38+D46)*C56 -> 117.41925
A57: E | B57: SENAI - SENAC | C57: 0.01 | D57: =(C38+D46)*C57 -> 78.2795
A58: F | B58: SEBRAE | C58: 0.006 | D58: =(C38+D46)*C58 -> 46.9677
A59: G | B59: INCRA | C59: 0.002 | D59: =(C38+D46)*C59 -> 15.6559
A60: H | B60: FGTS | C60: 0.08 | D60: =(C38+D46)*C60 -> 626.236
A61: Total | C61: =SUM(C53:C60) -> 0.248 | D61: =SUM(D53:D60) -> 1887.1866
A62: Nota 1: Os percentuais dos encargos previdenciários, do FGTS e demais contribuições são aqueles estabelecidos pela legislação vigente.
A63: Nota 2: O SAT a depender do grau de risco do serviço irá variar entre 1%, para risco leve, de 2%, para risco médio, e de 3% de risco grave.
A64: Nota 3: Esses percentuais incidem sobre o Módulo 1, o Submódulo 2.1.
A66: Submódulo 2.3 Benefícios Mensais e Diários
A67: 2.3 | B67: Benefícios Mensais e Diários | C67: Referência | D67: VALOR (R$) | E67: VALOR (R$) | F67: VALOR (R$)
A68: A | B68: Transporte - desconto de 6% sobre sálario Base | F68: 0
A69: B | B69: Auxílio Refeição/Alimentação (CCT 2025/2026) | C69: QTD DIAS | D69: VALOR (R$) | E69: PAT (desconto) 7,5%
C70: 22 | D70: 39 | E70: =D70*0.075 -> 2.925 | F70: =(D70*22)-(22*E70) -> 793.65
A71: C | B71: Auxílio Funeral (CCT 2025/2026) | F71: 4.22 | H71: 3 salários mínimos = | J71: 1621x3 | K71: dividido por 12
A72: D | B72: Assistência Médica e Familiar (CCT 2025/2026) | F72: 184.85 | K72: 12 | L72: 405.25
A73: E | B73: Reembolso Creche (Instrução Normativa SEGES/MGI nº 147, de 13 de abril de 2026/Decreto nº 12.174, de 11 de setembro de 2024) | F73: 105.33
A74: F | B74: Outros (especificar) | J74: dividido por 96 = | L74: 405.25
A75: Total | F75: =SUM(F68:F74) -> 1088.05
A76: Nota 1: O valor informado deverá ser o custo real do benefício (descontado o valor eventualmente pago pelo empregado).
A77: Nota 2: Observar a previsão dos benefícios contidos em Acordos, Convenções e Dissídios Coletivos de Trabalho e atentar-se ao disposto no art. 6º desta Instrução Normativa.
A79: Quadro Resumo do Módulo 2 - Encargos e Benefícios anuais, mensais e diários
A80: 2 | B80: Encargos e Benefícios anuais, mensais e diários | C80: Valor (R$) | D80: Valor (R$)
A81: 2.1 | B81: 13º(décimo terceiro) Salário, Férias | C81: =C46 -> 0.2043 | D81: =D46 -> 1327.95
A82: 2.2 | B82: GPS, FGTS e outras contribuições | C82: =C61 -> 0.248 | D82: =D61 -> 1887.1866
A83: 2.3 | B83: Benefícios Mensais e Diários | D83: =F75 -> 1088.05
A84: Total | C84: =SUM(C81:C82) -> 0.4523 | D84: =SUM(D81:D83) -> 4303.1866
A86: Módulo 3 - Provisão para Rescisão
A87: 3 | B87: Provisão para Rescisão | C87: % | D87: %
A88: A | B88: Aviso Prévio Indenizado Se 5% dos empregados são substituídos durante o ano. {[0,05 x (1/12)] x 100 = 0,417% , aproxim. 0,43%. | C88: 0.0043 | D88: =C38*C88 -> 27.95
A89: B | B89: Incidência do FGTS sobre o Aviso Prévio Indenizado | C89: =C60*C88 -> 0.000344 | D89: =C38*C89 -> 2.236
A90: D | B90: Aviso Prévio Trabalhado | C90: 0.0194 | D90: =C38*C90 -> 126.1
A91: E | B91: Incidência de GPS, FGTS e outras contribuições sobre o Aviso Prévio Trabalhado | C91: =C61*C90 -> 0.0048112 | D91: =C38*C91 -> 31.2728
A92: E | B92: Multa do FGTS sobre o Aviso Prévio Trabalhado E Aviso Prévio Indenizado | C92: 0.04 | D92: =C38*C92 -> 260
A93: Total | C93: =SUM(C88:C92) -> 0.0688552 | D93: =SUM(D88:D92) -> 447.5588
A94: Nota 1: A parcela mensal a título de aviso prévio trabalhado será no percentual máximo de 1,94% no primeiro ano, e, em caso de prorrogação do contrato, o percentual máximo dessa parcela será de 0,194% a cada ano de prorrogação, a ser incluído por ocasião da formulação do aditivo da prorrogação do contrato, conforme a Lei 12.506/2011" (Enunciado do Boletim de Jurisprudência nº 176/2017.)
A95: Módulo 4 - Custo de Reposição do Profissional Ausente
A96: Nota 1: Os itens que contemplam o módulo 4 se referem ao custo dos dias trabalhados pelo repositor/substituto, quando o empregado alocado na prestação de serviço estiver ausente, conforme as previsões estabelecidas na legislação.
A98: Submódulo 4.1 - Ausências Legais
A99: 4.1 | B99: Ausências Legais | C99: % | D99: Valor (R$)
A100: A | B100: Substituto na Cobertura de férias (ZERAR essa rubrica, pois o valor foi pago no (Módulo 1) e na (letra B do submódulo 2.1). | C100: 0 | D100: 0
A101: B | B101: Substituto na Cobertura de Ausências Legais | C101: 0 | D101: 0
A102: C | B102: Substituto na Cobertura de Licença - Paternidade | C102: 0 | D102: 0
A103: D | B103: Substituto na Cobertura de Ausência por acidente de trabalho | C103: 0 | D103: 0
A104: E | B104: Substituto na cobertura de Afastamento Maternidade | C104: 0 | D104: 0
A105: F | B105: Substituto na Cobertura de Outras Ausências (especificar) | C105: 0 | D105: 0
A106: Total | C106: 0 | D106: 0
A108: Submódulo 4.2 - Substituto na Intrajornada
A109: 4.2 | B109: Substituto na Intrajornada | C109: % | D109: Valor (R$)
A110: A | B110: Substituto na cobertura de Intervalo para repouso ou alimentação | C110: 0 | D110: 0
A111: Total | C111: 0 | D111: 0
...

Sheet Desenvolvedor Mobile Sênior
A1: Profissional tipo 5
A2: PLANILHA DE CUSTOS E FORMAÇÃO DE PREÇO DE MÃO DE OBRA
A3: Número do Processo:
A4: Número da Licitação:
A5: Dia: às horas
A7: DISCRIMINAÇÃO
A8: B | B8: Município/UF
A9: C | B9: Ano Acordo, Conveção ou Sentença Normativa em Dissídio Coletivo | C9: Brasília/DF
A10: D | B10: Nome da Entidade Sindical | C10: DF000717/2025_CCT/2025/2026
A11: E | B11: Número de meses da execução contratual | C11: 12
A12: F | B12: Data-Base da Categoria (dia/mês/ano) | C12: 46143
A13: IDENTIFICAÇÃO DO SERVIÇO
A14: Tipo de Serviço | B14: Unidade de Medida | C14: Quantidade total a contratar (em função da unidade de medida)
A15: Desenvolvedor de Software Mobile - Sênior | B15: Posto de trabalho | C15: 2
A18: 1. MÓDULOS
A19: Mão de obra
A20: Mão de obra vinculada à execução contratual
A21: Dados para composição dos custos referente a mão de obra
A22: 1 | B22: Tipo de serviço (mesmo serviço com características distintas) | C22: Desenvolvedor de Software Mobile - Sênior
A23: 2 | B23: Classificação Brasileira de Ocupação(CBO) | C23: CBO 2124-25, 2123-20, 2124-05, 2624-10 1425-15 ou similar.
A24: 3 | B24: Salário | C24: 1728.89
A25: 4 | B25: Categoria Profissional (vinculada a execução contratual) | C25: Desenvolvedor de Software Mobile - Sênior
A26: 5 | B26: Data-Base da Categoria (dia/mês/ano) | C26: 46143
A27: Nota (1) - Deverá ser elaborado um quadro para cada tipo de serviço.
A28: Nota (2)- A planilha será calculada considerando o valor mensal do empregado.
A30: Módulo 1 - Composição da Remuneração
A31: 1 | B31: Composição da Remuneração | C31: Valor (R$)
A32: A | B32: Salário Base | C32: 15750
A33: B | B33: Adicional de Periculosidade | C33: -
A34: C | B34: Adicional de Insalubridade | C34: -
A35: D | B35: Adicional Noturno | C35: -
A36: E | B36: Adicional de Hora Noturna Reduzida | C36: -
A37: F | B37: Outros (especificar) | C37: -
A38: Total | C38: =SUM(C32:C37) -> 15750
A39: Nota 1: O Módulo 1 refere-se ao valor mensal devido ao empregado pela prestação do serviço no período de 12 meses.
A41: Módulo 2 - Encargos e Benefícios Anuais, Mensais e Diários
A42: Submódulo 2.1 - 13º(décimo terceiro) Salário, Férias e Adicional de Férias
A43: 2.1 | B43: 13º(décimo terceiro) Salário, Férias e Adicional de Férias | C43: % | D43: VALOR (R$)
A44: A | B44: 13º(décimo terceiro) Salário | C44: 0.0833 | D44: =C44*C38 -> 1311.975
A45: B | B45: Férias e Adicional de Férias | C45: 0.121 | D45: =C45*C38 -> 1905.75
A46: Total | C46: =SUM(C44:C45) -> 0.2043 | D46: =SUM(D44:D45) -> 3217.725
A47: Nota 1: Como a planilha de custos e formação de preços é calculada mensalmente, provisiona-se proporcionalmente 1/12 (um doze avos) dos valores referentes a gratificação natalina, férias e adicional de férias.
A48: Nota 2: O adicional de férias contido no Submódulo 2.1 corresponde a 1/3 (um terço) da remuneração que por sua vez é divido por 12 (doze) conforme Nota 1 acima.
A49: Nota 3. Levando em consideração a vigência contratual prevista na Lei nº 14.133/2021, a rubrica férias tem como objetivo principal suprir a necessidade do pagamento das férias remuneradas ao final do contrato de 12 meses. Esta rubrica, quando da prorrogação contratual, torna-se custo não renovável.
A51: Submódulo 2.2 - Encargos Previdenciários (GPS), Fundo de Garantia por Tempo de Serviço(FGTS) e outras contribuições
A52: 2.2 | B52: GPS, FGTS e outras contribuições | C52: % | D52: VALOR (R$)
A53: A | B53: INSS (% não incide sobre o 13º para empresas reoneradas.) | C53: 0.1 | D53: =(C38+D45)*C53 -> 1765.575
A54: B | B54: Salário Educação | C54: 0.025 | D54: =(C38+D46)*C54 -> 474.19313
A55: C | B55: SAT (se apresentada a comprovação de risco) | C55: 0.01 | D55: =(C38+D46)*C55 -> 189.67725
A56: D | B56: SESC OU SESI | C56: 0.015 | D56: =(C38+D46)*C56 -> 284.51587
A57: E | B57: SENAI - SENAC | C57: 0.01 | D57: =(C38+D46)*C57 -> 189.67725
A58: F | B58: SEBRAE | C58: 0.006 | D58: =(C38+D46)*C58 -> 113.80635
A59: G | B59: INCRA | C59: 0.002 | D59: =(C38+D46)*C59 -> 37.93545
A60: H | B60: FGTS | C60: 0.08 | D60: =(C38+D46)*C60 -> 1517.418
A61: Total | C61: =SUM(C53:C60) -> 0.248 | D61: =SUM(D53:D60) -> 4572.7983
A62: Nota 1: Os percentuais dos encargos previdenciários, do FGTS e demais contribuições são aqueles estabelecidos pela legislação vigente.
A63: Nota 2: O SAT a depender do grau de risco do serviço irá variar entre 1%, para risco leve, de 2%, para risco médio, e de 3% de risco grave.
A64: Nota 3: Esses percentuais incidem sobre o Módulo 1, o Submódulo 2.1.
A66: Submódulo 2.3 Benefícios Mensais e Diários
A67: 2.3 | B67: Benefícios Mensais e Diários | C67: Referência | D67: VALOR (R$) | E67: VALOR (R$) | F67: VALOR (R$)
A68: A | B68: Transporte - desconto de 6% sobre sálario Base | F68: 0
A69: B | B69: Auxílio Refeição/Alimentação (CCT 2025/2026) | C69: QTD DIAS | D69: VALOR (R$) | E69: PAT (desconto) 15%
C70: 22 | D70: 39 | E70: =D70*0.15 -> 5.85 | F70: =(D70*22)-(22*E70) -> 729.3
A71: C | B71: Auxílio Funeral (CCT 2025/2026) | F71: 4.22 | H71: 3 salários mínimos = | J71: 1621x3 | K71: dividido por 12
A72: D | B72: Assistência Médica e Familiar (CCT 2025/2026) | F72: 184.85 | K72: 12 | L72: 405.25
A73: E | B73: Reembolso Creche (Instrução Normativa SEGES/MGI nº 147, de 13 de abril de 2026/Decreto nº 12.174, de 11 de setembro de 2024) | F73: 105.33
A74: F | B74: Outros (especificar) | J74: dividido por 96 = | L74: 4.22
A75: Total | F75: =SUM(F68:F74) -> 1023.7
A76: Nota 1: O valor informado deverá ser o custo real do benefício (descontado o valor eventualmente pago pelo empregado).
A77: Nota 2: Observar a previsão dos benefícios contidos em Acordos, Convenções e Dissídios Coletivos de Trabalho e atentar-se ao disposto no art. 6º desta Instrução Normativa.
A79: Quadro Resumo do Módulo 2 - Encargos e Benefícios anuais, mensais e diários
A80: 2 | B80: Encargos e Benefícios anuais, mensais e diários | C80: Valor (R$) | D80: Valor (R$)
A81: 2.1 | B81: 13º(décimo terceiro) Salário, Férias | C81: =C46 -> 0.2043 | D81: =D46 -> 3217.725
A82: 2.2 | B82: GPS, FGTS e outras contribuições | C82: =C61 -> 0.248 | D82: =D61 -> 4572.7983
A83: 2.3 | B83: Benefícios Mensais e Diários | D83: =F75 -> 1023.7
A84: Total | C84: =SUM(C81:C82) -> 0.4523 | D84: =SUM(D81:D83) -> 8814.2233
A86: Módulo 3 - Provisão para Rescisão
A87: 3 | B87: Provisão para Rescisão | C87: % | D87: %
A88: A | B88: Aviso Prévio Indenizado Se 5% dos empregados são substituídos durante o ano. {[0,05 x (1/12)] x 100 = 0,417% , aproxim. 0,43%. | C88: 0.0043 | D88: =C38*C88 -> 67.725
A89: B | B89: Incidência do FGTS sobre o Aviso Prévio Indenizado | C89: =C60*C88 -> 0.000344 | D89: =C38*C89 -> 5.418
A90: D | B90: Aviso Prévio Trabalhado | C90: 0.0194 | D90: =C38*C90 -> 305.55
A91: E | B91: Incidência de GPS, FGTS e outras contribuições sobre o Aviso Prévio Trabalhado | C91: =C61*C90 -> 0.0048112 | D91: =C38*C91 -> 75.7764
A92: E | B92: Multa do FGTS sobre o Aviso Prévio Trabalhado E Aviso Prévio Indenizado | C92: 0.04 | D92: =C38*C92 -> 630
A93: Total | C93: =SUM(C88:C92) -> 0.0688552 | D93: =SUM(D88:D92) -> 1084.4694
A94: Nota 1: A parcela mensal a título de aviso prévio trabalhado será no percentual máximo de 1,94% no primeiro ano, e, em caso de prorrogação do contrato, o percentual máximo dessa parcela será de 0,194% a cada ano de prorrogação, a ser incluído por ocasião da formulação do aditivo da prorrogação do contrato, conforme a Lei 12.506/2011" (Enunciado do Boletim de Jurisprudência nº 176/2017.)
A95: Módulo 4 - Custo de Reposição do Profissional Ausente
A96: Nota 1: Os itens que contemplam o módulo 4 se referem ao custo dos dias trabalhados pelo repositor/substituto, quando o empregado alocado na prestação de serviço estiver ausente, conforme as previsões estabelecidas na legislação.
A98: Submódulo 4.1 - Ausências Legais
A99: 4.1 | B99: Ausências Legais | C99: % | D99: Valor (R$)
A100: A | B100: Substituto na Cobertura de férias (ZERAR essa rubrica, pois o valor foi pago no (Módulo 1) e na (letra B do submódulo 2.1). | C100: 0 | D100: 0
A101: B | B101: Substituto na Cobertura de Ausências Legais | C101: 0 | D101: 0
A102: C | B102: Substituto na Cobertura de Licença - Paternidade | C102: 0 | D102: 0
A103: D | B103: Substituto na Cobertura de Ausência por acidente de trabalho | C103: 0 | D103: 0
A104: E | B104: Substituto na cobertura de Afastamento Maternidade | C104: 0 | D104: 0
A105: F | B105: Substituto na Cobertura de Outras Ausências (especificar) | C105: 0 | D105: 0
A106: Total | C106: 0 | D106: 0
A108: Submódulo 4.2 - Substituto na Intrajornada
A109: 4.2 | B109: Substituto na Intrajornada | C109: % | D109: Valor (R$)
A110: A | B110: Substituto na cobertura de Intervalo para repouso ou alimentação | C110: 0 | D110: 0
A111: Total | C111: 0 | D111: 0
...

Sheet Desenvolvedor Mobile Pleno 
A1: Profissional tipo 5
A2: PLANILHA DE CUSTOS E FORMAÇÃO DE PREÇO DE MÃO DE OBRA
A3: Número do Processo:
A4: Número da Licitação:
A5: Dia: às horas
A7: DISCRIMINAÇÃO
A8: B | B8: Município/UF
A9: C | B9: Ano Acordo, Conveção ou Sentença Normativa em Dissídio Coletivo | C9: Brasília/DF
A10: D | B10: Nome da Entidade Sindical | C10: DF000717/2025_CCT/2025/2026
A11: E | B11: Número de meses da execução contratual | C11: 12
A12: F | B12: Data-Base da Categoria (dia/mês/ano) | C12: 46143
A13: IDENTIFICAÇÃO DO SERVIÇO
A14: Tipo de Serviço | B14: Unidade de Medida | C14: Quantidade total a contratar (em função da unidade de medida)
A15: Desenvolvedor de Software Mobile - Pleno | B15: Posto de trabalho | C15: 2
A18: 1. MÓDULOS
A19: Mão de obra
A20: Mão de obra vinculada à execução contratual
A21: Dados para composição dos custos referente a mão de obra
A22: 1 | B22: Tipo de serviço (mesmo serviço com características distintas) | C22: Desenvolvedor de Software Mobile - Pleno
A23: 2 | B23: Classificação Brasileira de Ocupação(CBO) | C23: CBO 2124-25, 2123-20, 2124-05, 2624-10 1425-15 ou similar.
A24: 3 | B24: Salário | C24: 1728.89
A25: 4 | B25: Categoria Profissional (vinculada a execução contratual) | C25: Desenvolvedor de Software Mobile - Pleno
A26: 5 | B26: Data-Base da Categoria (dia/mês/ano) | C26: 46143
A27: Nota (1) - Deverá ser elaborado um quadro para cada tipo de serviço.
A28: Nota (2)- A planilha será calculada considerando o valor mensal do empregado.
A30: Módulo 1 - Composição da Remuneração
A31: 1 | B31: Composição da Remuneração | C31: Valor (R$)
A32: A | B32: Salário Base | C32: 10713.73
A33: B | B33: Adicional de Periculosidade | C33: -
A34: C | B34: Adicional de Insalubridade | C34: -
A35: D | B35: Adicional Noturno | C35: -
A36: E | B36: Adicional de Hora Noturna Reduzida | C36: -
A37: F | B37: Outros (especificar) | C37: -
A38: Total | C38: =SUM(C32:C37) -> 10713.73
A39: Nota 1: O Módulo 1 refere-se ao valor mensal devido ao empregado pela prestação do serviço no período de 12 meses.
A41: Módulo 2 - Encargos e Benefícios Anuais, Mensais e Diários
A42: Submódulo 2.1 - 13º(décimo terceiro) Salário, Férias e Adicional de Férias
A43: 2.1 | B43: 13º(décimo terceiro) Salário, Férias e Adicional de Férias | C43: % | D43: VALOR (R$)
A44: A | B44: 13º(décimo terceiro) Salário | C44: 0.0833 | D44: =C44*C38 -> 892.45371
A45: B | B45: Férias e Adicional de Férias | C45: 0.121 | D45: =C45*C38 -> 1296.3613
A46: Total | C46: =SUM(C44:C45) -> 0.2043 | D46: =SUM(D44:D45) -> 2188.815
A47: Nota 1: Como a planilha de custos e formação de preços é calculada mensalmente, provisiona-se proporcionalmente 1/12 (um doze avos) dos valores referentes a gratificação natalina, férias e adicional de férias.
A48: Nota 2: O adicional de férias contido no Submódulo 2.1 corresponde a 1/3 (um terço) da remuneração que por sua vez é divido por 12 (doze) conforme Nota 1 acima.
A49: Nota 3. Levando em consideração a vigência contratual prevista na Lei nº 14.133/2021, a rubrica férias tem como objetivo principal suprir a necessidade do pagamento das férias remuneradas ao final do contrato de 12 meses. Esta rubrica, quando da prorrogação contratual, torna-se custo não renovável.
A51: Submódulo 2.2 - Encargos Previdenciários (GPS), Fundo de Garantia por Tempo de Serviço(FGTS) e outras contribuições
A52: 2.2 | B52: GPS, FGTS e outras contribuições | C52: % | D52: VALOR (R$)
A53: A | B53: INSS (% não incide sobre o 13º para empresas reoneradas.) | C53: 0.1 | D53: =(C38+D45)*C53 -> 1201.0091
A54: B | B54: Salário Educação | C54: 0.025 | D54: =(C38+D46)*C54 -> 322.56363
A55: C | B55: SAT (se apresentada a comprovação de risco) | C55: 0.01 | D55: =(C38+D46)*C55 -> 129.02545
A56: D | B56: SESC OU SESI | C56: 0.015 | D56: =(C38+D46)*C56 -> 193.53818
A57: E | B57: SENAI - SENAC | C57: 0.01 | D57: =(C38+D46)*C57 -> 129.02545
A58: F | B58: SEBRAE | C58: 0.006 | D58: =(C38+D46)*C58 -> 77.41527
A59: G | B59: INCRA | C59: 0.002 | D59: =(C38+D46)*C59 -> 25.80509
A60: H | B60: FGTS | C60: 0.08 | D60: =(C38+D46)*C60 -> 1032.2036
A61: Total | C61: =SUM(C53:C60) -> 0.248 | D61: =SUM(D53:D60) -> 3110.5858
A62: Nota 1: Os percentuais dos encargos previdenciários, do FGTS e demais contribuições são aqueles estabelecidos pela legislação vigente.
A63: Nota 2: O SAT a depender do grau de risco do serviço irá variar entre 1%, para risco leve, de 2%, para risco médio, e de 3% de risco grave.
A64: Nota 3: Esses percentuais incidem sobre o Módulo 1, o Submódulo 2.1.
A66: Submódulo 2.3 Benefícios Mensais e Diários
A67: 2.3 | B67: Benefícios Mensais e Diários | C67: Referência | D67: VALOR (R$) | E67: VALOR (R$) | F67: VALOR (R$)
A68: A | B68: Transporte - desconto de 6% sobre sálario Base | F68: 0
A69: B | B69: Auxílio Refeição/Alimentação (CCT 2025/2026) | C69: QTD DIAS | D69: VALOR (R$) | E69: PAT (desconto) 15%
C70: 22 | D70: 39 | E70: =D70*0.15 -> 5.85 | F70: =(D70*22)-(22*E70) -> 729.3
A71: C | B71: Auxílio Funeral (CCT 2025/2026) | F71: 4.22 | H71: 3 salários mínimos = | J71: 1621x3 | K71: dividido por 12
A72: D | B72: Assistência Médica e Familiar (CCT 2025/2026) | F72: 184.85 | K72: 12 | L72: 405.25
A73: E | B73: Reembolso Creche (Instrução Normativa SEGES/MGI nº 147, de 13 de abril de 2026/Decreto nº 12.174, de 11 de setembro de 2024) | F73: 105.33
A74: F | B74: Outros (especificar) | J74: dividido por 96 = | L74: 4.22
A75: Total | F75: =SUM(F68:F74) -> 1023.7
A76: Nota 1: O valor informado deverá ser o custo real do benefício (descontado o valor eventualmente pago pelo empregado).
A77: Nota 2: Observar a previsão dos benefícios contidos em Acordos, Convenções e Dissídios Coletivos de Trabalho e atentar-se ao disposto no art. 6º desta Instrução Normativa.
A79: Quadro Resumo do Módulo 2 - Encargos e Benefícios anuais, mensais e diários
A80: 2 | B80: Encargos e Benefícios anuais, mensais e diários | C80: Valor (R$) | D80: Valor (R$)
A81: 2.1 | B81: 13º(décimo terceiro) Salário, Férias | C81: =C46 -> 0.2043 | D81: =D46 -> 2188.815
A82: 2.2 | B82: GPS, FGTS e outras contribuições | C82: =C61 -> 0.248 | D82: =D61 -> 3110.5858
A83: 2.3 | B83: Benefícios Mensais e Diários | D83: =F75 -> 1023.7
A84: Total | C84: =SUM(C81:C82) -> 0.4523 | D84: =SUM(D81:D83) -> 6323.1008
A86: Módulo 3 - Provisão para Rescisão
A87: 3 | B87: Provisão para Rescisão | C87: % | D87: %
A88: A | B88: Aviso Prévio Indenizado Se 5% dos empregados são substituídos durante o ano. {[0,05 x (1/12)] x 100 = 0,417% , aproxim. 0,43%. | C88: 0.0043 | D88: =C38*C88 -> 46.069039
A89: B | B89: Incidência do FGTS sobre o Aviso Prévio Indenizado | C89: =C60*C88 -> 0.000344 | D89: =C38*C89 -> 3.6855231
A90: D | B90: Aviso Prévio Trabalhado | C90: 0.0194 | D90: =C38*C90 -> 207.84636
A91: E | B91: Incidência de GPS, FGTS e outras contribuições sobre o Aviso Prévio Trabalhado | C91: =C61*C90 -> 0.0048112 | D91: =C38*C91 -> 51.545898
A92: E | B92: Multa do FGTS sobre o Aviso Prévio Trabalhado E Aviso Prévio Indenizado | C92: 0.04 | D92: =C38*C92 -> 428.5492
A93: Total | C93: =SUM(C88:C92) -> 0.0688552 | D93: =SUM(D88:D92) -> 737.69602
A94: Nota 1: A parcela mensal a título de aviso prévio trabalhado será no percentual máximo de 1,94% no primeiro ano, e, em caso de prorrogação do contrato, o percentual máximo dessa parcela será de 0,194% a cada ano de prorrogação, a ser incluído por ocasião da formulação do aditivo da prorrogação do contrato, conforme a Lei 12.506/2011" (Enunciado do Boletim de Jurisprudência nº 176/2017.)
A95: Módulo 4 - Custo de Reposição do Profissional Ausente
A96: Nota 1: Os itens que contemplam o módulo 4 se referem ao custo dos dias trabalhados pelo repositor/substituto, quando o empregado alocado na prestação de serviço estiver ausente, conforme as previsões estabelecidas na legislação.
A98: Submódulo 4.1 - Ausências Legais
A99: 4.1 | B99: Ausências Legais | C99: % | D99: Valor (R$)
A100: A | B100: Substituto na Cobertura de férias (ZERAR essa rubrica, pois o valor foi pago no (Módulo 1) e na (letra B do submódulo 2.1). | C100: 0 | D100: 0
A101: B | B101: Substituto na Cobertura de Ausências Legais | C101: 0 | D101: 0
A102: C | B102: Substituto na Cobertura de Licença - Paternidade | C102: 0 | D102: 0
A103: D | B103: Substituto na Cobertura de Ausência por acidente de trabalho | C103: 0 | D103: 0
A104: E | B104: Substituto na cobertura de Afastamento Maternidade | C104: 0 | D104: 0
A105: F | B105: Substituto na Cobertura de Outras Ausências (especificar) | C105: 0 | D105: 0
A106: Total | C106: 0 | D106: 0
A108: Submódulo 4.2 - Substituto na Intrajornada
A109: 4.2 | B109: Substituto na Intrajornada | C109: % | D109: Valor (R$)
A110: A | B110: Substituto na cobertura de Intervalo para repouso ou alimentação | C110: 0 | D110: 0
A111: Total | C111: 0 | D111: 0
...

Sheet Líder Técnico 
A1: Profissional tipo 5
A2: PLANILHA DE CUSTOS E FORMAÇÃO DE PREÇO DE MÃO DE OBRA
A3: Número do Processo:
A4: Número da Licitação:
A5: Dia: às horas
A7: DISCRIMINAÇÃO
A8: B | B8: Município/UF
A9: C | B9: Ano Acordo, Conveção ou Sentença Normativa em Dissídio Coletivo | C9: Brasília/DF
A10: D | B10: Nome da Entidade Sindical | C10: DF000717/2025_CCT/2025/2026
A11: E | B11: Número de meses da execução contratual | C11: 12
A12: F | B12: Data-Base da Categoria (dia/mês/ano) | C12: 46143
A13: IDENTIFICAÇÃO DO SERVIÇO
A14: Tipo de Serviço | B14: Unidade de Medida | C14: Quantidade total a contratar (em função da unidade de medida)
A15: Líder Técnico de Desenvolvimento | B15: Posto de trabalho | C15: 8
A18: 1. MÓDULOS
A19: Mão de obra
A20: Mão de obra vinculada à execução contratual
A21: Dados para composição dos custos referente a mão de obra
A22: 1 | B22: Tipo de serviço (mesmo serviço com características distintas) | C22: Líder Técnico de Desenvolvimento
A23: 2 | B23: Classificação Brasileira de Ocupação(CBO) | C23: CBO 2124-25, 2123-20, 2124-05, 2624-10 1425-15 ou similar.
A24: 3 | B24: Salário | C24: 1728.89
A25: 4 | B25: Categoria Profissional (vinculada a execução contratual) | C25: Líder Técnico de Desenvolvimento
A26: 5 | B26: Data-Base da Categoria (dia/mês/ano) | C26: 46143
A27: Nota (1) - Deverá ser elaborado um quadro para cada tipo de serviço.
A28: Nota (2)- A planilha será calculada considerando o valor mensal do empregado.
A30: Módulo 1 - Composição da Remuneração
A31: 1 | B31: Composição da Remuneração | C31: Valor (R$)
A32: A | B32: Salário Base | C32: 16966.67
A33: B | B33: Adicional de Periculosidade | C33: -
A34: C | B34: Adicional de Insalubridade | C34: -
A35: D | B35: Adicional Noturno | C35: -
A36: E | B36: Adicional de Hora Noturna Reduzida | C36: -
A37: F | B37: Outros (especificar) | C37: -
A38: Total | C38: =SUM(C32:C37) -> 16966.67
A39: Nota 1: O Módulo 1 refere-se ao valor mensal devido ao empregado pela prestação do serviço no período de 12 meses.
A41: Módulo 2 - Encargos e Benefícios Anuais, Mensais e Diários
A42: Submódulo 2.1 - 13º(décimo terceiro) Salário, Férias e Adicional de Férias
A43: 2.1 | B43: 13º(décimo terceiro) Salário, Férias e Adicional de Férias | C43: % | D43: VALOR (R$)
A44: A | B44: 13º(décimo terceiro) Salário | C44: 0.0833 | D44: =C44*C38 -> 1413.3236
A45: B | B45: Férias e Adicional de Férias | C45: 0.121 | D45: =C45*C38 -> 2052.9671
A46: Total | C46: =SUM(C44:C45) -> 0.2043 | D46: =SUM(D44:D45) -> 3466.2907
A47: Nota 1: Como a planilha de custos e formação de preços é calculada mensalmente, provisiona-se proporcionalmente 1/12 (um doze avos) dos valores referentes a gratificação natalina, férias e adicional de férias.
A48: Nota 2: O adicional de férias contido no Submódulo 2.1 corresponde a 1/3 (um terço) da remuneração que por sua vez é divido por 12 (doze) conforme Nota 1 acima.
A49: Nota 3. Levando em consideração a vigência contratual prevista na Lei nº 14.133/2021, a rubrica férias tem como objetivo principal suprir a necessidade do pagamento das férias remuneradas ao final do contrato de 12 meses. Esta rubrica, quando da prorrogação contratual, torna-se custo não renovável.
A51: Submódulo 2.2 - Encargos Previdenciários (GPS), Fundo de Garantia por Tempo de Serviço(FGTS) e outras contribuições
A52: 2.2 | B52: GPS, FGTS e outras contribuições | C52: % | D52: VALOR (R$)
A53: A | B53: INSS (% não incide sobre o 13º para empresas reoneradas.) | C53: 0.1 | D53: =(C38+D45)*C53 -> 1901.9637
A54: B | B54: Salário Educação | C54: 0.025 | D54: =(C38+D46)*C54 -> 510.82402
A55: C | B55: SAT (se apresentada a comprovação de risco) | C55: 0.01 | D55: =(C38+D46)*C55 -> 204.32961
A56: D | B56: SESC OU SESI | C56: 0.015 | D56: =(C38+D46)*C56 -> 306.49441
A57: E | B57: SENAI - SENAC | C57: 0.01 | D57: =(C38+D46)*C57 -> 204.32961
A58: F | B58: SEBRAE | C58: 0.006 | D58: =(C38+D46)*C58 -> 122.59776
A59: G | B59: INCRA | C59: 0.002 | D59: =(C38+D46)*C59 -> 40.865921
A60: H | B60: FGTS | C60: 0.08 | D60: =(C38+D46)*C60 -> 1634.6369
A61: Total | C61: =SUM(C53:C60) -> 0.248 | D61: =SUM(D53:D60) -> 4926.0419
A62: Nota 1: Os percentuais dos encargos previdenciários, do FGTS e demais contribuições são aqueles estabelecidos pela legislação vigente.
A63: Nota 2: O SAT a depender do grau de risco do serviço irá variar entre 1%, para risco leve, de 2%, para risco médio, e de 3% de risco grave.
A64: Nota 3: Esses percentuais incidem sobre o Módulo 1, o Submódulo 2.1.
A66: Submódulo 2.3 Benefícios Mensais e Diários
A67: 2.3 | B67: Benefícios Mensais e Diários | C67: Referência | D67: VALOR (R$) | E67: VALOR (R$) | F67: VALOR (R$)
A68: A | B68: Transporte - desconto de 6% sobre sálario Base | F68: 0
A69: B | B69: Auxílio Refeição/Alimentação (CCT 2025/2026) | C69: QTD DIAS | D69: VALOR (R$) | E69: PAT (desconto) 15%
C70: 22 | D70: 39 | E70: =D70*0.15 -> 5.85 | F70: =(D70*22)-(22*E70) -> 729.3
A71: C | B71: Auxílio Funeral (CCT 2025/2026) | F71: 4.22 | H71: 3 salários mínimos = | J71: 1621x3 | K71: dividido por 12
A72: D | B72: Assistência Médica e Familiar (CCT 2025/2026) | F72: 184.85 | K72: 12 | L72: 405.25
A73: E | B73: Reembolso Creche (Instrução Normativa SEGES/MGI nº 147, de 13 de abril de 2026/Decreto nº 12.174, de 11 de setembro de 2024) | F73: 105.33
A74: F | B74: Outros (especificar) | J74: dividido por 96 = | L74: 4.22
A75: Total | F75: =SUM(F68:F74) -> 1023.7
A76: Nota 1: O valor informado deverá ser o custo real do benefício (descontado o valor eventualmente pago pelo empregado).
A77: Nota 2: Observar a previsão dos benefícios contidos em Acordos, Convenções e Dissídios Coletivos de Trabalho e atentar-se ao disposto no art. 6º desta Instrução Normativa.
A79: Quadro Resumo do Módulo 2 - Encargos e Benefícios anuais, mensais e diários
A80: 2 | B80: Encargos e Benefícios anuais, mensais e diários | C80: Valor (R$) | D80: Valor (R$)
A81: 2.1 | B81: 13º(décimo terceiro) Salário, Férias | C81: =C46 -> 0.2043 | D81: =D46 -> 3466.2907
A82: 2.2 | B82: GPS, FGTS e outras contribuições | C82: =C61 -> 0.248 | D82: =D61 -> 4926.0419
A83: 2.3 | B83: Benefícios Mensais e Diários | D83: =F75 -> 1023.7
A84: Total | C84: =SUM(C81:C82) -> 0.4523 | D84: =SUM(D81:D83) -> 9416.0326
A86: Módulo 3 - Provisão para Rescisão
A87: 3 | B87: Provisão para Rescisão | C87: % | D87: %
A88: A | B88: Aviso Prévio Indenizado Se 5% dos empregados são substituídos durante o ano. {[0,05 x (1/12)] x 100 = 0,417% , aproxim. 0,43%. | C88: 0.0043 | D88: =C38*C88 -> 72.956681
A89: B | B89: Incidência do FGTS sobre o Aviso Prévio Indenizado | C89: =C60*C88 -> 0.000344 | D89: =C38*C89 -> 5.8365345
A90: D | B90: Aviso Prévio Trabalhado | C90: 0.0194 | D90: =C38*C90 -> 329.1534
A91: E | B91: Incidência de GPS, FGTS e outras contribuições sobre o Aviso Prévio Trabalhado | C91: =C61*C90 -> 0.0048112 | D91: =C38*C91 -> 81.630043
A92: E | B92: Multa do FGTS sobre o Aviso Prévio Trabalhado E Aviso Prévio Indenizado | C92: 0.04 | D92: =C38*C92 -> 678.6668
A93: Total | C93: =SUM(C88:C92) -> 0.0688552 | D93: =SUM(D88:D92) -> 1168.2435
A94: Nota 1: A parcela mensal a título de aviso prévio trabalhado será no percentual máximo de 1,94% no primeiro ano, e, em caso de prorrogação do contrato, o percentual máximo dessa parcela será de 0,194% a cada ano de prorrogação, a ser incluído por ocasião da formulação do aditivo da prorrogação do contrato, conforme a Lei 12.506/2011" (Enunciado do Boletim de Jurisprudência nº 176/2017.)
A95: Módulo 4 - Custo de Reposição do Profissional Ausente
A96: Nota 1: Os itens que contemplam o módulo 4 se referem ao custo dos dias trabalhados pelo repositor/substituto, quando o empregado alocado na prestação de serviço estiver ausente, conforme as previsões estabelecidas na legislação.
A98: Submódulo 4.1 - Ausências Legais
A99: 4.1 | B99: Ausências Legais | C99: % | D99: Valor (R$)
A100: A | B100: Substituto na Cobertura de férias (ZERAR essa rubrica, pois o valor foi pago no (Módulo 1) e na (letra B do submódulo 2.1). | C100: 0 | D100: 0
A101: B | B101: Substituto na Cobertura de Ausências Legais | C101: 0 | D101: 0
A102: C | B102: Substituto na Cobertura de Licença - Paternidade | C102: 0 | D102: 0
A103: D | B103: Substituto na Cobertura de Ausência por acidente de trabalho | C103: 0 | D103: 0
A104: E | B104: Substituto na cobertura de Afastamento Maternidade | C104: 0 | D104: 0
A105: F | B105: Substituto na Cobertura de Outras Ausências (especificar) | C105: 0 | D105: 0
A106: Total | C106: 0 | D106: 0
A108: Submódulo 4.2 - Substituto na Intrajornada
A109: 4.2 | B109: Substituto na Intrajornada | C109: % | D109: Valor (R$)
A110: A | B110: Substituto na cobertura de Intervalo para repouso ou alimentação | C110: 0 | D110: 0
A111: Total | C111: 0 | D111: 0
...

Sheet Engenheiro de IA
A1: Profissional tipo 5
A2: PLANILHA DE CUSTOS E FORMAÇÃO DE PREÇO DE MÃO DE OBRA
A3: Número do Processo:
A4: Número da Licitação:
A5: Dia: às horas
A7: DISCRIMINAÇÃO
A8: B | B8: Município/UF
A9: C | B9: Ano Acordo, Conveção ou Sentença Normativa em Dissídio Coletivo | C9: Brasília/DF
A10: D | B10: Nome da Entidade Sindical | C10: DF000717/2025_CCT/2025/2026
A11: E | B11: Número de meses da execução contratual | C11: 12
A12: F | B12: Data-Base da Categoria (dia/mês/ano) | C12: 46143
A13: IDENTIFICAÇÃO DO SERVIÇO
A14: Tipo de Serviço | B14: Unidade de Medida | C14: Quantidade total a contratar (em função da unidade de medida)
A15: Engenheiro de IA – Sênior | B15: Posto de trabalho | C15: 3
A18: 1. MÓDULOS
A19: Mão de obra
A20: Mão de obra vinculada à execução contratual
A21: Dados para composição dos custos referente a mão de obra
A22: 1 | B22: Tipo de serviço (mesmo serviço com características distintas) | C22: Engenheiro de IA – Sênior
A23: 2 | B23: Classificação Brasileira de Ocupação(CBO) | C23: CBO 2124-25, 2123-20, 2124-05, 2624-10 1425-15 ou similar.
A24: 3 | B24: Salário | C24: 1728.89
A25: 4 | B25: Categoria Profissional (vinculada a execução contratual) | C25: Engenheiro de IA – Sênior
A26: 5 | B26: Data-Base da Categoria (dia/mês/ano) | C26: 46143
A27: Nota (1) - Deverá ser elaborado um quadro para cada tipo de serviço.
A28: Nota (2)- A planilha será calculada considerando o valor mensal do empregado.
A30: Módulo 1 - Composição da Remuneração
A31: 1 | B31: Composição da Remuneração | C31: Valor (R$)
A32: A | B32: Salário Base | C32: 16500
A33: B | B33: Adicional de Periculosidade | C33: -
A34: C | B34: Adicional de Insalubridade | C34: -
A35: D | B35: Adicional Noturno | C35: -
A36: E | B36: Adicional de Hora Noturna Reduzida | C36: -
A37: F | B37: Outros (especificar) | C37: -
A38: Total | C38: =SUM(C32:C37) -> 16500
A39: Nota 1: O Módulo 1 refere-se ao valor mensal devido ao empregado pela prestação do serviço no período de 12 meses.
A41: Módulo 2 - Encargos e Benefícios Anuais, Mensais e Diários
A42: Submódulo 2.1 - 13º(décimo terceiro) Salário, Férias e Adicional de Férias
A43: 2.1 | B43: 13º(décimo terceiro) Salário, Férias e Adicional de Férias | C43: % | D43: VALOR (R$)
A44: A | B44: 13º(décimo terceiro) Salário | C44: 0.0833 | D44: =C44*C38 -> 1374.45
A45: B | B45: Férias e Adicional de Férias | C45: 0.121 | D45: =C45*C38 -> 1996.5
A46: Total | C46: =SUM(C44:C45) -> 0.2043 | D46: =SUM(D44:D45) -> 3370.95
A47: Nota 1: Como a planilha de custos e formação de preços é calculada mensalmente, provisiona-se proporcionalmente 1/12 (um doze avos) dos valores referentes a gratificação natalina, férias e adicional de férias.
A48: Nota 2: O adicional de férias contido no Submódulo 2.1 corresponde a 1/3 (um terço) da remuneração que por sua vez é divido por 12 (doze) conforme Nota 1 acima.
A49: Nota 3. Levando em consideração a vigência contratual prevista na Lei nº 14.133/2021, a rubrica férias tem como objetivo principal suprir a necessidade do pagamento das férias remuneradas ao final do contrato de 12 meses. Esta rubrica, quando da prorrogação contratual, torna-se custo não renovável.
A51: Submódulo 2.2 - Encargos Previdenciários (GPS), Fundo de Garantia por Tempo de Serviço(FGTS) e outras contribuições
A52: 2.2 | B52: GPS, FGTS e outras contribuições | C52: % | D52: VALOR (R$)
A53: A | B53: INSS (% não incide sobre o 13º para empresas reoneradas.) | C53: 0.1 | D53: =(C38+D45)*C53 -> 1849.65
A54: B | B54: Salário Educação | C54: 0.025 | D54: =(C38+D46)*C54 -> 496.77375
A55: C | B55: SAT (se apresentada a comprovação de risco) | C55: 0.01 | D55: =(C38+D46)*C55 -> 198.7095
A56: D | B56: SESC OU SESI | C56: 0.015 | D56: =(C38+D46)*C56 -> 298.06425
A57: E | B57: SENAI - SENAC | C57: 0.01 | D57: =(C38+D46)*C57 -> 198.7095
A58: F | B58: SEBRAE | C58: 0.006 | D58: =(C38+D46)*C58 -> 119.2257
A59: G | B59: INCRA | C59: 0.002 | D59: =(C38+D46)*C59 -> 39.7419
A60: H | B60: FGTS | C60: 0.08 | D60: =(C38+D46)*C60 -> 1589.676
A61: Total | C61: =SUM(C53:C60) -> 0.248 | D61: =SUM(D53:D60) -> 4790.5506
A62: Nota 1: Os percentuais dos encargos previdenciários, do FGTS e demais contribuições são aqueles estabelecidos pela legislação vigente.
A63: Nota 2: O SAT a depender do grau de risco do serviço irá variar entre 1%, para risco leve, de 2%, para risco médio, e de 3% de risco grave.
A64: Nota 3: Esses percentuais incidem sobre o Módulo 1, o Submódulo 2.1.
A66: Submódulo 2.3 Benefícios Mensais e Diários
A67: 2.3 | B67: Benefícios Mensais e Diários | C67: Referência | D67: VALOR (R$) | E67: VALOR (R$) | F67: VALOR (R$)
A68: A | B68: Transporte - desconto de 6% sobre sálario Base | F68: 0
A69: B | B69: Auxílio Refeição/Alimentação (CCT 2025/2026) | C69: QTD DIAS | D69: VALOR (R$) | E69: PAT (desconto) 15%
C70: 22 | D70: 39 | E70: =D70*0.15 -> 5.85 | F70: =(D70*22)-(22*E70) -> 729.3
A71: C | B71: Auxílio Funeral (CCT 2025/2026) | F71: 4.22 | H71: 3 salários mínimos = | J71: 1621x3 | K71: dividido por 12
A72: D | B72: Assistência Médica e Familiar (CCT 2025/2026) | F72: 184.85 | K72: 12 | L72: 405.25
A73: E | B73: Reembolso Creche (Instrução Normativa SEGES/MGI nº 147, de 13 de abril de 2026/Decreto nº 12.174, de 11 de setembro de 2024) | F73: 105.33
A74: F | B74: Outros (especificar) | J74: dividido por 96 = | L74: 4.22
A75: Total | F75: =SUM(F68:F74) -> 1023.7
A76: Nota 1: O valor informado deverá ser o custo real do benefício (descontado o valor eventualmente pago pelo empregado).
A77: Nota 2: Observar a previsão dos benefícios contidos em Acordos, Convenções e Dissídios Coletivos de Trabalho e atentar-se ao disposto no art. 6º desta Instrução Normativa.
A79: Quadro Resumo do Módulo 2 - Encargos e Benefícios anuais, mensais e diários
A80: 2 | B80: Encargos e Benefícios anuais, mensais e diários | C80: Valor (R$) | D80: Valor (R$)
A81: 2.1 | B81: 13º(décimo terceiro) Salário, Férias | C81: =C46 -> 0.2043 | D81: =D46 -> 3370.95
A82: 2.2 | B82: GPS, FGTS e outras contribuições | C82: =C61 -> 0.248 | D82: =D61 -> 4790.5506
A83: 2.3 | B83: Benefícios Mensais e Diários | D83: =F75 -> 1023.7
A84: Total | C84: =SUM(C81:C82) -> 0.4523 | D84: =SUM(D81:D83) -> 9185.2006
A86: Módulo 3 - Provisão para Rescisão
A87: 3 | B87: Provisão para Rescisão | C87: % | D87: %
A88: A | B88: Aviso Prévio Indenizado Se 5% dos empregados são substituídos durante o ano. {[0,05 x (1/12)] x 100 = 0,417% , aproxim. 0,43%. | C88: 0.0043 | D88: =C38*C88 -> 70.95
A89: B | B89: Incidência do FGTS sobre o Aviso Prévio Indenizado | C89: =C60*C88 -> 0.000344 | D89: =C38*C89 -> 5.676
A90: D | B90: Aviso Prévio Trabalhado | C90: 0.0194 | D90: =C38*C90 -> 320.1
A91: E | B91: Incidência de GPS, FGTS e outras contribuições sobre o Aviso Prévio Trabalhado | C91: =C61*C90 -> 0.0048112 | D91: =C38*C91 -> 79.3848
A92: E | B92: Multa do FGTS sobre o Aviso Prévio Trabalhado E Aviso Prévio Indenizado | C92: 0.04 | D92: =C38*C92 -> 660
A93: Total | C93: =SUM(C88:C92) -> 0.0688552 | D93: =SUM(D88:D92) -> 1136.1108
A94: Nota 1: A parcela mensal a título de aviso prévio trabalhado será no percentual máximo de 1,94% no primeiro ano, e, em caso de prorrogação do contrato, o percentual máximo dessa parcela será de 0,194% a cada ano de prorrogação, a ser incluído por ocasião da formulação do aditivo da prorrogação do contrato, conforme a Lei 12.506/2011" (Enunciado do Boletim de Jurisprudência nº 176/2017.)
A95: Módulo 4 - Custo de Reposição do Profissional Ausente
A96: Nota 1: Os itens que contemplam o módulo 4 se referem ao custo dos dias trabalhados pelo repositor/substituto, quando o empregado alocado na prestação de serviço estiver ausente, conforme as previsões estabelecidas na legislação.
A98: Submódulo 4.1 - Ausências Legais
A99: 4.1 | B99: Ausências Legais | C99: % | D99: Valor (R$)
A100: A | B100: Substituto na Cobertura de férias (ZERAR essa rubrica, pois o valor foi pago no (Módulo 1) e na (letra B do submódulo 2.1). | C100: 0 | D100: 0
A101: B | B101: Substituto na Cobertura de Ausências Legais | C101: 0 | D101: 0
A102: C | B102: Substituto na Cobertura de Licença - Paternidade | C102: 0 | D102: 0
A103: D | B103: Substituto na Cobertura de Ausência por acidente de trabalho | C103: 0 | D103: 0
A104: E | B104: Substituto na cobertura de Afastamento Maternidade | C104: 0 | D104: 0
A105: F | B105: Substituto na Cobertura de Outras Ausências (especificar) | C105: 0 | D105: 0
A106: Total | C106: 0 | D106: 0
A108: Submódulo 4.2 - Substituto na Intrajornada
A109: 4.2 | B109: Substituto na Intrajornada | C109: % | D109: Valor (R$)
A110: A | B110: Substituto na cobertura de Intervalo para repouso ou alimentação | C110: 0 | D110: 0
A111: Total | C111: 0 | D111: 0
...

Sheet Analista UX-UI 
A1: Profissional tipo 5
A2: PLANILHA DE CUSTOS E FORMAÇÃO DE PREÇO DE MÃO DE OBRA
A3: Número do Processo:
A4: Número da Licitação:
A5: Dia: às horas
A7: DISCRIMINAÇÃO
A8: B | B8: Município/UF
A9: C | B9: Ano Acordo, Conveção ou Sentença Normativa em Dissídio Coletivo | C9: Brasília/DF
A10: D | B10: Nome da Entidade Sindical | C10: DF000717/2025_CCT/2025/2026
A11: E | B11: Número de meses da execução contratual | C11: 12
A12: F | B12: Data-Base da Categoria (dia/mês/ano) | C12: 46143
A13: IDENTIFICAÇÃO DO SERVIÇO
A14: Tipo de Serviço | B14: Unidade de Medida | C14: Quantidade total a contratar (em função da unidade de medida)
A15: Analista de UX/UI Sênior | B15: Posto de trabalho | C15: 4
A18: 1. MÓDULOS
A19: Mão de obra
A20: Mão de obra vinculada à execução contratual
A21: Dados para composição dos custos referente a mão de obra
A22: 1 | B22: Tipo de serviço (mesmo serviço com características distintas) | C22: Analista de UX/UI Sênior
A23: 2 | B23: Classificação Brasileira de Ocupação(CBO) | C23: CBO 2124-25, 2123-20, 2124-05, 2624-10 1425-15 ou similar.
A24: 3 | B24: Salário | C24: 1728.89
A25: 4 | B25: Categoria Profissional (vinculada a execução contratual) | C25: Analista de UX/UI Sênior
A26: 5 | B26: Data-Base da Categoria (dia/mês/ano) | C26: 46143
A27: Nota (1) - Deverá ser elaborado um quadro para cada tipo de serviço.
A28: Nota (2)- A planilha será calculada considerando o valor mensal do empregado.
A30: Módulo 1 - Composição da Remuneração
A31: 1 | B31: Composição da Remuneração | C31: Valor (R$)
A32: A | B32: Salário Base | C32: 12516.67
A33: B | B33: Adicional de Periculosidade | C33: -
A34: C | B34: Adicional de Insalubridade | C34: -
A35: D | B35: Adicional Noturno | C35: -
A36: E | B36: Adicional de Hora Noturna Reduzida | C36: -
A37: F | B37: Outros (especificar) | C37: -
A38: Total | C38: =SUM(C32:C37) -> 12516.67
A39: Nota 1: O Módulo 1 refere-se ao valor mensal devido ao empregado pela prestação do serviço no período de 12 meses.
A41: Módulo 2 - Encargos e Benefícios Anuais, Mensais e Diários
A42: Submódulo 2.1 - 13º(décimo terceiro) Salário, Férias e Adicional de Férias
A43: 2.1 | B43: 13º(décimo terceiro) Salário, Férias e Adicional de Férias | C43: % | D43: VALOR (R$)
A44: A | B44: 13º(décimo terceiro) Salário | C44: 0.0833 | D44: =C44*C38 -> 1042.6386
A45: B | B45: Férias e Adicional de Férias | C45: 0.121 | D45: =C45*C38 -> 1514.5171
A46: Total | C46: =SUM(C44:C45) -> 0.2043 | D46: =SUM(D44:D45) -> 2557.1557
A47: Nota 1: Como a planilha de custos e formação de preços é calculada mensalmente, provisiona-se proporcionalmente 1/12 (um doze avos) dos valores referentes a gratificação natalina, férias e adicional de férias.
A48: Nota 2: O adicional de férias contido no Submódulo 2.1 corresponde a 1/3 (um terço) da remuneração que por sua vez é divido por 12 (doze) conforme Nota 1 acima.
A49: Nota 3. Levando em consideração a vigência contratual prevista na Lei nº 14.133/2021, a rubrica férias tem como objetivo principal suprir a necessidade do pagamento das férias remuneradas ao final do contrato de 12 meses. Esta rubrica, quando da prorrogação contratual, torna-se custo não renovável.
A51: Submódulo 2.2 - Encargos Previdenciários (GPS), Fundo de Garantia por Tempo de Serviço(FGTS) e outras contribuições
A52: 2.2 | B52: GPS, FGTS e outras contribuições | C52: % | D52: VALOR (R$)
A53: A | B53: INSS (% não incide sobre o 13º para empresas reoneradas.) | C53: 0.1 | D53: =(C38+D45)*C53 -> 1403.1187
A54: B | B54: Salário Educação | C54: 0.025 | D54: =(C38+D46)*C54 -> 376.84564
A55: C | B55: SAT (se apresentada a comprovação de risco) | C55: 0.01 | D55: =(C38+D46)*C55 -> 150.73826
A56: D | B56: SESC OU SESI | C56: 0.015 | D56: =(C38+D46)*C56 -> 226.10739
A57: E | B57: SENAI - SENAC | C57: 0.01 | D57: =(C38+D46)*C57 -> 150.73826
A58: F | B58: SEBRAE | C58: 0.006 | D58: =(C38+D46)*C58 -> 90.442954
A59: G | B59: INCRA | C59: 0.002 | D59: =(C38+D46)*C59 -> 30.147651
A60: H | B60: FGTS | C60: 0.08 | D60: =(C38+D46)*C60 -> 1205.9061
A61: Total | C61: =SUM(C53:C60) -> 0.248 | D61: =SUM(D53:D60) -> 3634.0449
A62: Nota 1: Os percentuais dos encargos previdenciários, do FGTS e demais contribuições são aqueles estabelecidos pela legislação vigente.
A63: Nota 2: O SAT a depender do grau de risco do serviço irá variar entre 1%, para risco leve, de 2%, para risco médio, e de 3% de risco grave.
A64: Nota 3: Esses percentuais incidem sobre o Módulo 1, o Submódulo 2.1.
A66: Submódulo 2.3 Benefícios Mensais e Diários
A67: 2.3 | B67: Benefícios Mensais e Diários | C67: Referência | D67: VALOR (R$) | E67: VALOR (R$) | F67: VALOR (R$)
A68: A | B68: Transporte - desconto de 6% sobre sálario Base | F68: 0
A69: B | B69: Auxílio Refeição/Alimentação (CCT 2025/2026) | C69: QTD DIAS | D69: VALOR (R$) | E69: PAT (desconto) 15%
C70: 22 | D70: 39 | E70: =D70*0.15 -> 5.85 | F70: =(D70*22)-(22*E70) -> 729.3
A71: C | B71: Auxílio Funeral (CCT 2025/2026) | F71: 4.22 | H71: 3 salários mínimos = | J71: 1621x3 | K71: dividido por 12
A72: D | B72: Assistência Médica e Familiar (CCT 2025/2026) | F72: 184.85 | K72: 12 | L72: 405.25
A73: E | B73: Reembolso Creche (Instrução Normativa SEGES/MGI nº 147, de 13 de abril de 2026/Decreto nº 12.174, de 11 de setembro de 2024) | F73: 105.33
A74: F | B74: Outros (especificar) | J74: dividido por 96 = | L74: 4.22
A75: Total | F75: =SUM(F68:F74) -> 1023.7
A76: Nota 1: O valor informado deverá ser o custo real do benefício (descontado o valor eventualmente pago pelo empregado).
A77: Nota 2: Observar a previsão dos benefícios contidos em Acordos, Convenções e Dissídios Coletivos de Trabalho e atentar-se ao disposto no art. 6º desta Instrução Normativa.
A79: Quadro Resumo do Módulo 2 - Encargos e Benefícios anuais, mensais e diários
A80: 2 | B80: Encargos e Benefícios anuais, mensais e diários | C80: Valor (R$) | D80: Valor (R$)
A81: 2.1 | B81: 13º(décimo terceiro) Salário, Férias | C81: =C46 -> 0.2043 | D81: =D46 -> 2557.1557
A82: 2.2 | B82: GPS, FGTS e outras contribuições | C82: =C61 -> 0.248 | D82: =D61 -> 3634.0449
A83: 2.3 | B83: Benefícios Mensais e Diários | D83: =F75 -> 1023.7
A84: Total | C84: =SUM(C81:C82) -> 0.4523 | D84: =SUM(D81:D83) -> 7214.9006
A86: Módulo 3 - Provisão para Rescisão
A87: 3 | B87: Provisão para Rescisão | C87: % | D87: %
A88: A | B88: Aviso Prévio Indenizado Se 5% dos empregados são substituídos durante o ano. {[0,05 x (1/12)] x 100 = 0,417% , aproxim. 0,43%. | C88: 0.0043 | D88: =C38*C88 -> 53.821681
A89: B | B89: Incidência do FGTS sobre o Aviso Prévio Indenizado | C89: =C60*C88 -> 0.000344 | D89: =C38*C89 -> 4.3057345
A90: D | B90: Aviso Prévio Trabalhado | C90: 0.0194 | D90: =C38*C90 -> 242.8234
A91: E | B91: Incidência de GPS, FGTS e outras contribuições sobre o Aviso Prévio Trabalhado | C91: =C61*C90 -> 0.0048112 | D91: =C38*C91 -> 60.220203
A92: E | B92: Multa do FGTS sobre o Aviso Prévio Trabalhado E Aviso Prévio Indenizado | C92: 0.04 | D92: =C38*C92 -> 500.6668
A93: Total | C93: =SUM(C88:C92) -> 0.0688552 | D93: =SUM(D88:D92) -> 861.83782
A94: Nota 1: A parcela mensal a título de aviso prévio trabalhado será no percentual máximo de 1,94% no primeiro ano, e, em caso de prorrogação do contrato, o percentual máximo dessa parcela será de 0,194% a cada ano de prorrogação, a ser incluído por ocasião da formulação do aditivo da prorrogação do contrato, conforme a Lei 12.506/2011" (Enunciado do Boletim de Jurisprudência nº 176/2017.)
A95: Módulo 4 - Custo de Reposição do Profissional Ausente
A96: Nota 1: Os itens que contemplam o módulo 4 se referem ao custo dos dias trabalhados pelo repositor/substituto, quando o empregado alocado na prestação de serviço estiver ausente, conforme as previsões estabelecidas na legislação.
A98: Submódulo 4.1 - Ausências Legais
A99: 4.1 | B99: Ausências Legais | C99: % | D99: Valor (R$)
A100: A | B100: Substituto na Cobertura de férias (ZERAR essa rubrica, pois o valor foi pago no (Módulo 1) e na (letra B do submódulo 2.1). | C100: 0 | D100: 0
A101: B | B101: Substituto na Cobertura de Ausências Legais | C101: 0 | D101: 0
A102: C | B102: Substituto na Cobertura de Licença - Paternidade | C102: 0 | D102: 0
A103: D | B103: Substituto na Cobertura de Ausência por acidente de trabalho | C103: 0 | D103: 0
A104: E | B104: Substituto na cobertura de Afastamento Maternidade | C104: 0 | D104: 0
A105: F | B105: Substituto na Cobertura de Outras Ausências (especificar) | C105: 0 | D105: 0
A106: Total | C106: 0 | D106: 0
A108: Submódulo 4.2 - Substituto na Intrajornada
A109: 4.2 | B109: Substituto na Intrajornada | C109: % | D109: Valor (R$)
A110: A | B110: Substituto na cobertura de Intervalo para repouso ou alimentação | C110: 0 | D110: 0
A111: Total | C111: 0 | D111: 0
...

Sheet Analista de Testes 
A1: Profissional tipo 5
A2: PLANILHA DE CUSTOS E FORMAÇÃO DE PREÇO DE MÃO DE OBRA
A3: Número do Processo:
A4: Número da Licitação:
A5: Dia: às horas
A7: DISCRIMINAÇÃO
A8: B | B8: Município/UF
A9: C | B9: Ano Acordo, Conveção ou Sentença Normativa em Dissídio Coletivo | C9: Brasília/DF
A10: D | B10: Nome da Entidade Sindical | C10: DF000717/2025_CCT/2025/2026
A11: E | B11: Número de meses da execução contratual | C11: 12
A12: F | B12: Data-Base da Categoria (dia/mês/ano) | C12: 46143
A13: IDENTIFICAÇÃO DO SERVIÇO
A14: Tipo de Serviço | B14: Unidade de Medida | C14: Quantidade total a contratar (em função da unidade de medida)
A15: Analista de Testes Sênior | B15: Posto de trabalho | C15: 4
A18: 1. MÓDULOS
A19: Mão de obra
A20: Mão de obra vinculada à execução contratual
A21: Dados para composição dos custos referente a mão de obra
A22: 1 | B22: Tipo de serviço (mesmo serviço com características distintas) | C22: Analista de Testes Sênior
A23: 2 | B23: Classificação Brasileira de Ocupação(CBO) | C23: CBO 2124-25, 2123-20, 2124-05, 2624-10 1425-15 ou similar.
A24: 3 | B24: Salário | C24: 1728.89
A25: 4 | B25: Categoria Profissional (vinculada a execução contratual) | C25: Analista de Testes Sênior
A26: 5 | B26: Data-Base da Categoria (dia/mês/ano) | C26: 46143
A27: Nota (1) - Deverá ser elaborado um quadro para cada tipo de serviço.
A28: Nota (2)- A planilha será calculada considerando o valor mensal do empregado.
A30: Módulo 1 - Composição da Remuneração
A31: 1 | B31: Composição da Remuneração | C31: Valor (R$)
A32: A | B32: Salário Base | C32: 11081.16
A33: B | B33: Adicional de Periculosidade | C33: -
A34: C | B34: Adicional de Insalubridade | C34: -
A35: D | B35: Adicional Noturno | C35: -
A36: E | B36: Adicional de Hora Noturna Reduzida | C36: -
A37: F | B37: Outros (especificar) | C37: -
A38: Total | C38: =SUM(C32:C37) -> 11081.16
A39: Nota 1: O Módulo 1 refere-se ao valor mensal devido ao empregado pela prestação do serviço no período de 12 meses.
A41: Módulo 2 - Encargos e Benefícios Anuais, Mensais e Diários
A42: Submódulo 2.1 - 13º(décimo terceiro) Salário, Férias e Adicional de Férias
A43: 2.1 | B43: 13º(décimo terceiro) Salário, Férias e Adicional de Férias | C43: % | D43: VALOR (R$)
A44: A | B44: 13º(décimo terceiro) Salário | C44: 0.0833 | D44: =C44*C38 -> 923.06063
A45: B | B45: Férias e Adicional de Férias | C45: 0.121 | D45: =C45*C38 -> 1340.8204
A46: Total | C46: =SUM(C44:C45) -> 0.2043 | D46: =SUM(D44:D45) -> 2263.881
A47: Nota 1: Como a planilha de custos e formação de preços é calculada mensalmente, provisiona-se proporcionalmente 1/12 (um doze avos) dos valores referentes a gratificação natalina, férias e adicional de férias.
A48: Nota 2: O adicional de férias contido no Submódulo 2.1 corresponde a 1/3 (um terço) da remuneração que por sua vez é divido por 12 (doze) conforme Nota 1 acima.
A49: Nota 3. Levando em consideração a vigência contratual prevista na Lei nº 14.133/2021, a rubrica férias tem como objetivo principal suprir a necessidade do pagamento das férias remuneradas ao final do contrato de 12 meses. Esta rubrica, quando da prorrogação contratual, torna-se custo não renovável.
A51: Submódulo 2.2 - Encargos Previdenciários (GPS), Fundo de Garantia por Tempo de Serviço(FGTS) e outras contribuições
A52: 2.2 | B52: GPS, FGTS e outras contribuições | C52: % | D52: VALOR (R$)
A53: A | B53: INSS (% não incide sobre o 13º para empresas reoneradas.) | C53: 0.1 | D53: =(C38+D45)*C53 -> 1242.198
A54: B | B54: Salário Educação | C54: 0.025 | D54: =(C38+D46)*C54 -> 333.62602
A55: C | B55: SAT (se apresentada a comprovação de risco) | C55: 0.01 | D55: =(C38+D46)*C55 -> 133.45041
A56: D | B56: SESC OU SESI | C56: 0.015 | D56: =(C38+D46)*C56 -> 200.17561
A57: E | B57: SENAI - SENAC | C57: 0.01 | D57: =(C38+D46)*C57 -> 133.45041
A58: F | B58: SEBRAE | C58: 0.006 | D58: =(C38+D46)*C58 -> 80.070246
A59: G | B59: INCRA | C59: 0.002 | D59: =(C38+D46)*C59 -> 26.690082
A60: H | B60: FGTS | C60: 0.08 | D60: =(C38+D46)*C60 -> 1067.6033
A61: Total | C61: =SUM(C53:C60) -> 0.248 | D61: =SUM(D53:D60) -> 3217.2641
A62: Nota 1: Os percentuais dos encargos previdenciários, do FGTS e demais contribuições são aqueles estabelecidos pela legislação vigente.
A63: Nota 2: O SAT a depender do grau de risco do serviço irá variar entre 1%, para risco leve, de 2%, para risco médio, e de 3% de risco grave.
A64: Nota 3: Esses percentuais incidem sobre o Módulo 1, o Submódulo 2.1.
A66: Submódulo 2.3 Benefícios Mensais e Diários
A67: 2.3 | B67: Benefícios Mensais e Diários | C67: Referência | D67: VALOR (R$) | E67: VALOR (R$) | F67: VALOR (R$)
A68: A | B68: Transporte - desconto de 6% sobre sálario Base | F68: 0
A69: B | B69: Auxílio Refeição/Alimentação (CCT 2025/2026) | C69: QTD DIAS | D69: VALOR (R$) | E69: PAT (desconto) 15%
C70: 22 | D70: 39 | E70: =D70*0.15 -> 5.85 | F70: =(D70*22)-(22*E70) -> 729.3
A71: C | B71: Auxílio Funeral (CCT 2025/2026) | F71: 4.22 | H71: 3 salários mínimos = | J71: 1621x3 | K71: dividido por 12
A72: D | B72: Assistência Médica e Familiar (CCT 2025/2026) | F72: 184.85 | K72: 12 | L72: 405.25
A73: E | B73: Reembolso Creche (Instrução Normativa SEGES/MGI nº 147, de 13 de abril de 2026/Decreto nº 12.174, de 11 de setembro de 2024) | F73: 105.33
A74: F | B74: Outros (especificar) | J74: dividido por 96 = | L74: 4.22
A75: Total | F75: =SUM(F68:F74) -> 1023.7
A76: Nota 1: O valor informado deverá ser o custo real do benefício (descontado o valor eventualmente pago pelo empregado).
A77: Nota 2: Observar a previsão dos benefícios contidos em Acordos, Convenções e Dissídios Coletivos de Trabalho e atentar-se ao disposto no art. 6º desta Instrução Normativa.
A79: Quadro Resumo do Módulo 2 - Encargos e Benefícios anuais, mensais e diários
A80: 2 | B80: Encargos e Benefícios anuais, mensais e diários | C80: Valor (R$) | D80: Valor (R$)
A81: 2.1 | B81: 13º(décimo terceiro) Salário, Férias | C81: =C46 -> 0.2043 | D81: =D46 -> 2263.881
A82: 2.2 | B82: GPS, FGTS e outras contribuições | C82: =C61 -> 0.248 | D82: =D61 -> 3217.2641
A83: 2.3 | B83: Benefícios Mensais e Diários | D83: =F75 -> 1023.7
A84: Total | C84: =SUM(C81:C82) -> 0.4523 | D84: =SUM(D81:D83) -> 6504.8451
A86: Módulo 3 - Provisão para Rescisão
A87: 3 | B87: Provisão para Rescisão | C87: % | D87: %
A88: A | B88: Aviso Prévio Indenizado Se 5% dos empregados são substituídos durante o ano. {[0,05 x (1/12)] x 100 = 0,417% , aproxim. 0,43%. | C88: 0.0043 | D88: =C38*C88 -> 47.648988
A89: B | B89: Incidência do FGTS sobre o Aviso Prévio Indenizado | C89: =C60*C88 -> 0.000344 | D89: =C38*C89 -> 3.811919
A90: D | B90: Aviso Prévio Trabalhado | C90: 0.0194 | D90: =C38*C90 -> 214.9745
A91: E | B91: Incidência de GPS, FGTS e outras contribuições sobre o Aviso Prévio Trabalhado | C91: =C61*C90 -> 0.0048112 | D91: =C38*C91 -> 53.313677
A92: E | B92: Multa do FGTS sobre o Aviso Prévio Trabalhado E Aviso Prévio Indenizado | C92: 0.04 | D92: =C38*C92 -> 443.2464
A93: Total | C93: =SUM(C88:C92) -> 0.0688552 | D93: =SUM(D88:D92) -> 762.99549
A94: Nota 1: A parcela mensal a título de aviso prévio trabalhado será no percentual máximo de 1,94% no primeiro ano, e, em caso de prorrogação do contrato, o percentual máximo dessa parcela será de 0,194% a cada ano de prorrogação, a ser incluído por ocasião da formulação do aditivo da prorrogação do contrato, conforme a Lei 12.506/2011" (Enunciado do Boletim de Jurisprudência nº 176/2017.)
A95: Módulo 4 - Custo de Reposição do Profissional Ausente
A96: Nota 1: Os itens que contemplam o módulo 4 se referem ao custo dos dias trabalhados pelo repositor/substituto, quando o empregado alocado na prestação de serviço estiver ausente, conforme as previsões estabelecidas na legislação.
A98: Submódulo 4.1 - Ausências Legais
A99: 4.1 | B99: Ausências Legais | C99: % | D99: Valor (R$)
A100: A | B100: Substituto na Cobertura de férias (ZERAR essa rubrica, pois o valor foi pago no (Módulo 1) e na (letra B do submódulo 2.1). | C100: 0 | D100: 0
A101: B | B101: Substituto na Cobertura de Ausências Legais | C101: 0 | D101: 0
A102: C | B102: Substituto na Cobertura de Licença - Paternidade | C102: 0 | D102: 0
A103: D | B103: Substituto na Cobertura de Ausência por acidente de trabalho | C103: 0 | D103: 0
A104: E | B104: Substituto na cobertura de Afastamento Maternidade | C104: 0 | D104: 0
A105: F | B105: Substituto na Cobertura de Outras Ausências (especificar) | C105: 0 | D105: 0
A106: Total | C106: 0 | D106: 0
A108: Submódulo 4.2 - Substituto na Intrajornada
A109: 4.2 | B109: Substituto na Intrajornada | C109: % | D109: Valor (R$)
A110: A | B110: Substituto na cobertura de Intervalo para repouso ou alimentação | C110: 0 | D110: 0
A111: Total | C111: 0 | D111: 0
...
